Workbook
Name Chgesfixes: #REF!
Name ChgesVarMcube: #REF!
Name Coût_Invest: #REF!
Name Durée: #REF!
Name Nbabonnés: #REF!
Name Production: #REF!
Name Total_Tranche_1: #REF!
Name Total_Tranche_2: #REF!

Sheet Instructions
A1: LES INSTRUCTIONS A LIRE AVANT DE RENSEIGNER LES DQE
A3: 1 | B3: Les Lots sont classés par onglet;
A4: 2 | B4: Seules les cellules en jaune sont à renseigner;
A5: 3 | B5: Entrer les coûts unitaires dans les cellules en jaune uniquement;
A6: 4 | B6: Les cadres de devis sont formatés avec des formules;
A7: 5 | B7: En cas d'erreurs de formules ou de disfonctionnement des formules, veillez informer à l'adresse suivante : | C7: ivcprocurement@unicef.org
A8: 6 | B8: Ne renseigner que les lots auxquels vous soumissionnés

Sheet Allotissement
A1: Régions | B1: Centres | C1: Dépts | D1: S/Préfectures | E1: Localités | F1: Nb AEP Solaire | G1: Lots | H1: Délais
A2: Worodougou | B2: Centre - 1 | C2: Séguéla | D2: Dirabana | E2: Mongbara | F2: 1 | G2: Lot - 01 | H2: 07 mois
E3: Kénégbé Nord
E4: Bessala
E5: Souroumana
E6: Massala-Assolo
B7: Centre - 2 | C7: Séguéla | D7: Kamalo | E7: Bingoro | F7: 1 | G7: Lot - 02 | H7: 07 mois
E8: Sagoura-Dougoula

Sheet BPU_Lot-01_Centre 1
A1: N° | B1: Désignations | C1: Unités | D1: Prix unitaire F.CFA en chiffres | E1: Prix unitaire F.CFA en lettres
A2: 1 | B2: Mobilisation, installation de chantier, Forfaits généraux
A3: 1.1 | B3: Mobilisation, installation et repli du chantier | C3: u
A4: 1.2 | B4: Implantation du réseau | C4: u
A5: 1.3 | B5: Etudes et plans d'exécution (Etudes géotechniques + Notes de calculs des descentes de charge et du support métallique + Divers plans d'exécution) | C5: u
A6: 1.4 | B6: Essai de fonctionnement général des réseaux | C6: u
A7: 2 | B7: Forage
A8: 2.1 | B8: Implantation géophysique de trois (03) points de foration | C8: u
A9: 2.2 | B9: Réalisation de forages positifs de 10m3/h miminum à l'essai de pompage longue durée de 72 h en milieu de socle jusqu’à 150 m de profondeur équipé en PVC-forage de 6 pouces crépinés au droit des arrivées d'eau et pleins aux droits des zones stériles | C9: u
A10: 2.3 | B10: Rémunération de forages déclarés négatifs pour insuffisance de débit (un seul est pris en compte) | C10: u
A11: 2.4 | B11: Analyses physico-chimiques, bactériologiques et des métaux lourds de l’eau des forages | C11: u
A12: 2.5 | B12: Réalisation d'une piste d'accès de 6m de large depuis la voie principale | C12: u
A13: 2.6 | B13: Défrichement, abattage et dessouchage d'arbre, nivellement de la concession | C13: u
A14: 2.7 | B14: Construction d'une clôture en parpaing pour le forage de dimensions (Lxlxh) 10mx10mx2m avec une longrine et des poteaux espacés de 3m saillant à l'exterieur. Un couronnement (chaperon de mur) en béton-armé de largeur 10 cm sur tout le périmètre avec un portail à 2 battants 4mx2m à ouverture vers l'intérieur de la clôture y compris crépissage tyrolienne à l'extérieur et peinture à l'intérieur. Une niche avec porte grille métallique pour les équipements électriques, électromécaniques (inverseur, coffret de commande, coffret de démarrage). Epandage de gravier concassé sur toute la surface intérieure de la clôture. | C14: u
A15: 2.8 | B15: Construction de la nouvelle margelle en deux étages. Le premier sera de 1mx1mx 0,5m avec 0,30m enfouis dans le sol. Le deuxième sera superposé au premier avec les dimensions de 0,5mx0,5mx0,3m. Ce dernier recevra en son centre la tête de forage en inox ou en fonte DN 200, la margelle couvrira toute la longueur du manifold à poser | C15: u
A16: 2.9 | B16: Fourniture et pose d'une colonne d'exhaure en matériaux flexible de type foraduc ou boreline | C16: =D9 -> 0
A17: 2.10 | B17: Fourniture et pose d'une pompe immergée hybride AC/DC de 10 m3/h de 130 à 140m de HMT, colonne d'exhaure, boite de jonction, câbles d'alimentation électriques et accessoires. La pompe sera de 1er choix, | C17: u
A18: 2.11 | B18: Manifold complet en fonte ou en inox comprenant une ventouse, un clapet anti-retour, un filtre à tamis, un pressostat télémécanique, un manomètre à bain d'huile, une vannette de prise en laiton, un compteur volumétrique (DN 25-40), fileté, avec cadran sec et humide et une vanne de régulation à opercule. L'ensemble des pièces intermédiaires doit être en fonte ductile ou en inox, | C18: u
A19: 2.12 | B19: Fournitur et pose d'un anti-bélier de 100 litres avec une pression comprise entre 10 et 15 bars | C19: u
A20: 2.13 | B20: Fourniture et pose d'un coffret de commande de type Hybride DC/AC et d'un coffret de démarrage avec système de régulation automatique y/c électrodes et câbles unifilaires de protection ainsi que les câbles d’alimentation sous-fourreau ou gaine du coffret à la tête de forage, d'une protection contre la foudre et d'une prise de terre complet. | C20: u
A21: 2.14 | B21: Construction d'une ligne de moyenne tension de 0 à 1000m | C21: PM
A22: 2.15 | B22: Branchement et abonnement pour une compteur CIE | C22: PM
A23: 2.16 | B23: Fourniture d'une sonde lumineuse et sonore | C23: u
A24: 3 | B24: Conduite de refoulement PN 16
A25: 3.1 | B25: Fouille en terrain tendre | C25: ml
A26: 3.2 | B26: Grillage avertisseur | C26: ml
A27: 3.3 | B27: Plus-Value carapace latéritique (utilisation d'engins pneumatiques) | C27: m3
A28: 3.4 | B28: PEHD DN 63 (63x5.8 y/c té, bouchons et coudes en PEHD | C28: ml
A29: 3.5 | B29: PEHD DN 90 (90x8.2) y/c té, bouchons et coudes en PEHD | C29: ml
A30: 3.6 | B30: Fourniture et pose d'une vidange sous BAC sur le refoulement y/c toutes sujétions | C30: u
A31: 3.7 | B31: Fourniture et pose de fourreau | C31: ml
A32: 3.8 | B32: Balise de repérage | C32: u
A33: 3.9 | B33: Essai de pression sur le réseau de refoulement | C33: u/10ml
A34: 4 | B34: Réseau de distribution PN 10
A35: 4.1 | B35: Fouille en terrain tendre | C35: ml
A36: 4.2 | B36: Grillage avertisseur | C36: ml
A37: 4.3 | B37: Plus-Value carapace latéritique (utilisation d'engins pneumatiques) | C37: m3
A38: 4.4 | B38: PPR diam. 21/25 y/c té et coudes en PPR pour les bâtiments du centre de santé | C38: ml
A39: 4.5 | B39: PEHD diam. 33,6/40 y/c té, bouchons et coudes en PEHD pour la connexion du points d'eau de l'école primaire et le raccordement des BF | C39: ml
A40: 4.6 | B40: PEHD DN 63 (63x3.8) y/c té, bouchons et coudes en PEHD | C40: ml
A41: 4.7 | B41: PEHD DN 90 (90x5.4) y/c té, bouchons et coudes en PEHD | C41: ml
A42: 4.8 | B42: PEHD DN 110 (110x6.6) y/c té, bouchons et coudes en PEHD | C42: ml
A43: 4.9 | B43: PEHD DN 160 (160x9.5) y/c té, bouchons et coudes en PEHD | C43: ml
A44: 4.10 | B44: Fourniture et pose de vanne de sectionnement DN 60 y/c brides en fonte, joints d'étanchéité et boulons sous BAC | C44: u
A45: 4.11 | B45: Fourniture et pose de vanne de sectionnement DN 80 y/c brides en fonte, joints d'étanchéité et boulons sous regard avec dalle amovible | C45: u
A46: 4.12 | B46: Fourniture et pose de vanne de sectionnement DN 100 y/c brides en fonte, joints d'étanchéité et boulons sous regard avec dalle amovible | C46: u
A47: 4.13 | B47: Fourniture et pose de vanne de sectionnement DN 150 y/c brides en fonte, joints d'étanchéité et boulons sous regard avec dalle amovible
A48: 4.14 | B48: Fourniture et pose d’une bouche à clé (BAC) pour commande des vannes | C48: u
A49: 4.15 | B49: Construction de regard en béton armé de 1mx1mx1m avec dalle amovible pour vannes de sectionnement | C49: u
A50: 4.16 | B50: Fourniture et pose de fourreau 100 | C50: ml
A51: 4.17 | B51: Fourniture et pose de fourreau 160 | C51: ml
A52: 4.18 | B52: Fourniture d’une clé en croix pour bouche à clé | C52: u
A53: 4.19 | B53: Vidange du réseau DN 63 sous BAC | C53: u
A54: 4.20 | B54: Vidange du réseau DN 90 sous regard sous regard en béton armé de 1mx1mx1m avec dalle amovible | C54: u
A55: 4.21 | B55: Vidange du réseau DN 110 sous regard sous regard en béton armé de 1mx1mx1m avec dalle amovible | C55: u
A56: 4.22 | B56: Fourniture et pose de ventouses sous regard en béton armé de 1mx1mx1m avec dalle amovible | C56: u
A57: 4.23 | B57: Confection et mise en œuvre du béton à 250 kg pour butées | C57: m3
A58: 4.24 | B58: Balise de repérage | C58: u
A59: 4.25 | B59: Borne de repérage | C59: u
... A61: 4.27 | B61: Essai de pression sur le réseau de distribution | C61: u/ml
A62: 5 | B62: Borne-Fontaine | C62: u
A63: 5.1 | B63: Construction et équipement d'une borne fontaine à 4 robinets de puisage à boisseau 1/4 de tour, avec la clôture 5,30mx5,30mx1,5m en parpaings 15 talochée, enduite et peinte, 2 portillons, le collier de prise, le compteur 15, la vanne Ø60 et la BAC pour la connexion sur la distribution font partie de ce prix. Le compteur sera placé dans un regard de 0,7mx0,3mx0,6 m avec une fermeture en tôle striée et maintenue par une chaîne | C63: u
A64: 5.2 | B64: Réalisation d'un puits perdu de 1mx1mx1,5m en parpaings 15 taloché et enduit avec une dalle amovible en béton armé pour les eaux perdues rempli de moellons | C64: u
A65: 5.3 | B65: Construction d'un muret en maçonnerie en parpaing 15 de dimensions L=2,00m x h=1,20m) avec carreaux grès-cérame sur les 2 façades, 04 Robinets de type à boisseau de 1er choix sur chaque façade, réalisation d'un bac receptacle en maçonnerie sur chaque façade au pied du muret de dimension 2,00m x 0,30m m et de profondeur 0,50m muni d'un siphon de sol diamètre 120 pour l'évacuation des EU vers le puits perdu y/c la connexion avec fourniture et pose d'un compteur DN20 sous regard recouvert d'une fermeture en tôle strié et d'un puits perdu dans les etblissements primaires, secondaires et professionnelles | C65: u
A66: 5.4 | B66: Connexion des bâtiments du centre de santé avec fourniture et pose de conduite DN 40 (40x2.4) de la distribution jusqu'au compteur du centre d'eau posé dans un regard recouvert d'une fermeture en tôle strié. Travaux de remise en état des équipements sanitaires et robinetterie (remplacement de robinets défectueux, conduites d'évacuation, détachage, nettoyage et lavage des sanitaires existants). | C66: u
A67: 5.5 | B67: Connexion du bâtiment de la brigarde de gendarmerie avec fourniture et pose de conduite DN 40 (40x2.4) de la distribution jusqu'au compteur du centre d'eau posé dans un regard recouvert d'une fermeture en tôle strié. Travaux de remise en état des équipements sanitaires et robinetterie (remplacement de robinets défectueux, conduites d'évacuation, détachage, nettoyage et lavage des sanitaires existants). | C67: u
A68: 6 | B68: Château d'Eau de 15 m de haut
A69: 6.1 | B69: Réalisation d'une piste d'accès de 6m de large depuis la voie principale | C69: u
A70: 6.2 | B70: Défrichement, Abattage d'arbre, dessouchage, nivellement de la concession | C70: u
A71: 6.3 | B71: Cinstruction d'un réservoir
A72: 6.3.1 | B72: Construction et équipement d'un château d'eau de 100 m3 en béton armé sur une tour de 15m de haut. L'équipement comprend les colonnes montantes (refoulement, distribution, trop plein-vidange) galvanisées à chaud, le flotteur de 1er choix. Pose d'un grillage à l'entrée du trou d'homme | C72: u
A73: 6.3.2 | B73: Construction et équipement d'un regard pour le by-pass (2 vannes DN 80 et 1 vanne DN 150, 1 compteur volumétrique DN 100, un filtre à tamis DN 150, 1 canne à injection) | C73: u
A74: 6.3.3 | B74: Construction d'une clôture en parpaing pour le château d'eau de dimensions (Lxlxh) 20mx20mx2m avec une longrine et des poteaux espacés de 3m saillant à l'extérieur. Un couronnement (chaperon de mur) en béton-armé de largeur 10 cm sur tout le périmètre avec un portail à 2 battants 4mx2m à ouverture vers l'intérieur de la clôture y compris crépissage tyrolienne à l'extérieur et peinture à l'intérieur. La couleur de la peinture sera definie par le Maitre d'Ouvrage | C74: u
A75: 6.3.4 | B75: Construction d'un local de 2mx2mx2,5m pour les équipements électriques, électromécaniques (inverseur, coffret de commande, coffret de démarrage) et de traitement (bac à chlore, agitateur, pompe doseuse). Une paillasse en béton armé pour les contrôles sera construite avec un robinet installé au dessus de l'évier. Il sera équipé d'un portillon métallique y compris cadenas de fermeture. La toiture sera en béton armé à double pente | C75: u
A76: 6.3.5 | B76: Fourniture et pose des équipements de traitement de l'eau Bac à chlore de 250 litres Agitateur d'hypochlorite (L arbre=1250; Dmob=128; Pmot=0,75) Pompe doseuse de 0-15l/h à 4 bars Canne à injection | C76: Ens
A77: 6.3.6 | B77: Réalisation d'un puits perdu de 1mx1mx1,5m en parpaings 15 taloché et enduit avec une dalle amovible pour la vidange du CE à l'extérieur de la clôture si nécessaire | C77: u
A78: 6.3.7 | B78: Réalisation d'un regard de vidange de 1mx1mx0,5m en parpaings 15 taloché et enduit avec une dalle amovible à l'intérieur de la clôture | C78: u
A79: 6.3.8 | B79: Décontamination systématique des installations à la fin de l’ensemble des travaux | C79: u
A80: 7 | B80: Champ solaire
A81: 7.1 | B81: Construction d’un champ solaire de 26kW avec des panneaux surmontés sur une ossature en acier galvanisé dont les piètements sont en cornière 60x60x6 à 2,50m de hauteur y compris des batteries en lithium-ion de 24V (capacité globale: 6 000Ah), 48V (capacité globale: 3 000 Ah), 51,2V (capacité globale: 3 000Ah), Onduleur/regulateur: MPPT, disjoncteur compact, cables, support des batteries et tous les éléments nécessaires à son fonctionnement. | C81: u
A82: 7.2 | B82: Construction d’un champ solaire de 23kW avec des panneaux surmontés sur une ossature en acier galvanisé dont les piètements sont en cornière 60x60x6 à 2,50m de hauteur y compris des batteries en lithium-ion de 24V (capacité globale: 5 000Ah), 48V (capacité globale: 2 500 Ah), 51,2V (capacité globale: 2 500Ah), Onduleur/regulateur: MPPT, disjoncteur compact, cables, support des batteries et tous les elements nécessaires à son fonctionnement. | C82: u
A83: 7.2 | B83: Construction d’un champ solaire de 30kW avec des panneaux surmontés sur une ossature en acier galvanisé dont les piètements sont en cornière 60x60x6 à 2,50m de hauteur y compris des batteries en lithium-ion de 24V (capacité globale: 7 000Ah), 48V (capacité globale: 3 500 Ah), 51,2V (capacité globale: 3 500Ah), Onduleur/regulateur: MPPT, disjoncteur compact, cables, support des batteries et tous les elements nécessaires à son fonctionnement. | C83: u
A84: 7.3 | B84: Construction d'une clôture grillagée du champ solaire de 15mx15mx2m avec un portail de 1,5mx2m. Le portail sera muni d'un système d'alarme sonore. Les panneaux seront intimement fixés au receptacle par des rivets inviolables | C84: u
A85: 7.4 | B85: Fourniture et pose de 10 potence supportant des asperseurs haute pression alimenté à partir du forage à 3m de haut pour le nettoyage des panneaux solaires | C85: ens
A86: 7.5 | B86: Construction d’un champ solaire de 2kW avec des panneaux surmontés sur une ossature en acier galvanisé dont les piètements sont en cornière 60x60x6 y compris des batteries en lithium-ion de 24V (capacité globale: 80Ah), 48V (capacité globale: 60 Ah), 51,2V (capacité globale: 60Ah), Onduleur/regulateur: MPPT, disjoncteur compact, cables, support des batteries et tous les élements nécessaires au fonctionnement de la pompe doseuse et de l'agitateur. Il sera implanté dans la cour du château d'eau | C86: u
A87: 7.6 | B87: Fourniture et installation de lampes solaires autonomes de puissance minimale 300 W sur poteaux métalliques à 3m de haut pour éclairage des sites du château d'eau, des bornes fontaines et du Forage | C87: u
A88: 8 | B88: Communication, Dossier Technique et Formation
A89: 8.1 | B89: Fourniture et pose de panneau de chantier suivant le modèle établi par le Maitre d'œuvre et validé par le Maitre d'Ouvrage et l'Autorité Contractante | C89: u
B90: Fourniture et pose de visibilité (plaque en plexiglass) sur la clôture du forage, du château d'eau et des Bornes fontaines suivant le modèle établi par le Maitre d'œuvre et validé par le Maitre d'Ouvrage et l'Autorité Contractante | C90: u
A91: 8.2 | B91: Fourniture de smartphones avec du crédit de communication sur toute la durée du projet | C91: u
A92: 8.3 | B92: Documents de récolement incluant les différents plans d'installation des ouvrages (forages, châteaux d'eau, réseau de refoulement, réseau de distribution, pièces spéciales, etc.), PV (essais de pression, essais généraux, essai de fonctionnement, etc.). Les profils en long finaux des refoulements | C92: Fft
A93: 8.4 | B93: Formation de 3 utilisateurs (Comité de Gestion) à la maintenance courante et à la maitrise de la gestion du système (Faire une formation théorique et phase pratique) y compris un manuel d'entretien (schéma électrique, démontage et remontage du système simplifié de traitement de l'eau, etc.) | C93: Fft

Sheet DQE_Lot-01_Centre 1
A1: N° | B1: Désignations | C1: Unités | D1: Quantités | E1: Prix Unit. | F1: Prix Partiel F.CFA | G1: Prix Total F.CFA
A2: ='BPU_Lot-01_Centre 1'!A2 -> 1 | B2: ='BPU_Lot-01_Centre 1'!B2 -> Mobilisation, installation de chantier, Forfaits généraux | C2: ='BPU_Lot-01_Centre 1'!C2 -> 0 | G2: =SUM(F3:F6) -> 0
A3: ='BPU_Lot-01_Centre 1'!A3 -> 1.1 | B3: ='BPU_Lot-01_Centre 1'!B3 -> Mobilisation, installation et repli du chantier | C3: ='BPU_Lot-01_Centre 1'!C3 -> u | D3: 1 | E3: ='BPU_Lot-01_Centre 1'!D3 -> 0 | F3: =E3*D3 -> 0
A4: ='BPU_Lot-01_Centre 1'!A4 -> 1.2 | B4: ='BPU_Lot-01_Centre 1'!B4 -> Implantation du réseau | C4: ='BPU_Lot-01_Centre 1'!C4 -> u | D4: 1 | E4: ='BPU_Lot-01_Centre 1'!D4 -> 0 | F4: =E4*D4 -> 0
A5: ='BPU_Lot-01_Centre 1'!A5 -> 1.3 | B5: ='BPU_Lot-01_Centre 1'!B5 -> Etudes et plans d'exécution (Etudes géotechniques + Notes de calculs des descentes de charge et du support métallique + Divers plans d'exécution) | C5: ='BPU_Lot-01_Centre 1'!C5 -> u | D5: 1 | E5: ='BPU_Lot-01_Centre 1'!D5 -> 0 | F5: =E5*D5 -> 0
A6: ='BPU_Lot-01_Centre 1'!A6 -> 1.4 | B6: ='BPU_Lot-01_Centre 1'!B6 -> Essai de fonctionnement général des réseaux | C6: ='BPU_Lot-01_Centre 1'!C6 -> u | D6: 1 | E6: ='BPU_Lot-01_Centre 1'!D6 -> 0 | F6: =E6*D6 -> 0
A7: ='BPU_Lot-01_Centre 1'!A7 -> 2 | B7: ='BPU_Lot-01_Centre 1'!B7 -> Forage | C7: ='BPU_Lot-01_Centre 1'!C7 -> 0 | G7: =SUM(F8:F23) -> 0
A8: ='BPU_Lot-01_Centre 1'!A8 -> 2.1 | B8: ='BPU_Lot-01_Centre 1'!B8 -> Implantation géophysique de trois (03) points de foration | C8: ='BPU_Lot-01_Centre 1'!C8 -> u | D8: 3 | E8: ='BPU_Lot-01_Centre 1'!D8 -> 0 | F8: =E8*D8 -> 0
A9: ='BPU_Lot-01_Centre 1'!A9 -> 2.2 | B9: ='BPU_Lot-01_Centre 1'!B9 -> Réalisation de forages positifs de 10m3/h miminum à l'essai de pompage longue durée de 72 h en milieu de socle jusqu’à 150 m de profondeur équipé en PVC-forage de 6 pouces crépinés au droit des arrivées d'eau et pleins aux droits des zones stériles | C9: ='BPU_Lot-01_Centre 1'!C9 -> u | D9: =D8 -> 3 | E9: ='BPU_Lot-01_Centre 1'!D9 -> 0 | F9: =E9*D9 -> 0
A10: ='BPU_Lot-01_Centre 1'!A10 -> 2.3 | B10: ='BPU_Lot-01_Centre 1'!B10 -> Rémunération de forages déclarés négatifs pour insuffisance de débit (un seul est pris en compte) | C10: u | D10: PM | E10: ='BPU_Lot-01_Centre 1'!D10 -> 0
A11: ='BPU_Lot-01_Centre 1'!A11 -> 2.4 | B11: ='BPU_Lot-01_Centre 1'!B11 -> Analyses physico-chimiques, bactériologiques et des métaux lourds de l’eau des forages | C11: ='BPU_Lot-01_Centre 1'!C11 -> u | D11: =D8 -> 3 | E11: ='BPU_Lot-01_Centre 1'!D11 -> 0 | F11: =E11*D11 -> 0
A12: ='BPU_Lot-01_Centre 1'!A12 -> 2.5 | B12: ='BPU_Lot-01_Centre 1'!B12 -> Réalisation d'une piste d'accès de 6m de large depuis la voie principale | C12: ='BPU_Lot-01_Centre 1'!C12 -> u | D12: =D8 -> 3 | E12: ='BPU_Lot-01_Centre 1'!D12 -> 0 | F12: =E12*D12 -> 0
A13: ='BPU_Lot-01_Centre 1'!A13 -> 2.6 | B13: ='BPU_Lot-01_Centre 1'!B13 -> Défrichement, abattage et dessouchage d'arbre, nivellement de la concession | C13: ='BPU_Lot-01_Centre 1'!C13 -> u | D13: =D8 -> 3 | E13: ='BPU_Lot-01_Centre 1'!D13 -> 0 | F13: =E13*D13 -> 0
A14: ='BPU_Lot-01_Centre 1'!A14 -> 2.7 | B14: ='BPU_Lot-01_Centre 1'!B14 -> Construction d'une clôture en parpaing pour le forage de dimensions (Lxlxh) 10mx10mx2m avec une longrine et des poteaux espacés de 3m saillant à l'exterieur. Un couronnement (chaperon de mur) en béton-armé de largeur 10 cm sur tout le périmètre avec un portail à 2 battants 4mx2m à ouverture vers l'intérieur de la clôture y compris crépissage tyrolienne à l'extérieur et peinture à l'intérieur. Une niche avec porte grille métallique pour les équipements électriques, électromécaniques (inverseur, coffret de commande, coffret de démarrage). Epandage de gravier concassé sur toute la surface intérieure de la clôture. | C14: ='BPU_Lot-01_Centre 1'!C14 -> u | D14: =D9 -> 3 | E14: ='BPU_Lot-01_Centre 1'!D14 -> 0 | F14: =E14*D14 -> 0
A15: ='BPU_Lot-01_Centre 1'!A15 -> 2.8 | B15: ='BPU_Lot-01_Centre 1'!B15 -> Construction de la nouvelle margelle en deux étages. Le premier sera de 1mx1mx 0,5m avec 0,30m enfouis dans le sol. Le deuxième sera superposé au premier avec les dimensions de 0,5mx0,5mx0,3m. Ce dernier recevra en son centre la tête de forage en inox ou en fonte DN 200, la margelle couvrira toute la longueur du manifold à poser | C15: ='BPU_Lot-01_Centre 1'!C15 -> u | D15: =D9 -> 3 | E15: ='BPU_Lot-01_Centre 1'!D15 -> 0 | F15: =E15*D15 -> 0
A16: ='BPU_Lot-01_Centre 1'!A16 -> 2.9 | B16: ='BPU_Lot-01_Centre 1'!B16 -> Fourniture et pose d'une colonne d'exhaure en matériaux flexible de type foraduc ou boreline | C16: ='BPU_Lot-01_Centre 1'!C16 -> 0 | D16: =D8 -> 3 | E16: ='BPU_Lot-01_Centre 1'!D16 -> 0 | F16: =E16*D16 -> 0
A17: ='BPU_Lot-01_Centre 1'!A17 -> 2.10 | B17: ='BPU_Lot-01_Centre 1'!B17 -> Fourniture et pose d'une pompe immergée hybride AC/DC de 10 m3/h de 130 à 140m de HMT, colonne d'exhaure, boite de jonction, câbles d'alimentation électriques et accessoires. La pompe sera de 1er choix, | C17: ='BPU_Lot-01_Centre 1'!C17 -> u | D17: =D9 -> 3 | E17: ='BPU_Lot-01_Centre 1'!D17 -> 0 | F17: =E17*D17 -> 0
A18: ='BPU_Lot-01_Centre 1'!A18 -> 2.11 | B18: ='BPU_Lot-01_Centre 1'!B18 -> Manifold complet en fonte ou en inox comprenant une ventouse, un clapet anti-retour, un filtre à tamis, un pressostat télémécanique, un manomètre à bain d'huile, une vannette de prise en laiton, un compteur volumétrique (DN 25-40), fileté, avec cadran sec et humide et une vanne de régulation à opercule. L'ensemble des pièces intermédiaires doit être en fonte ductile ou en inox, | C18: ='BPU_Lot-01_Centre 1'!C18 -> u | D18: =D9 -> 3 | E18: ='BPU_Lot-01_Centre 1'!D18 -> 0 | F18: =E18*D18 -> 0
A19: ='BPU_Lot-01_Centre 1'!A19 -> 2.12 | B19: ='BPU_Lot-01_Centre 1'!B19 -> Fournitur et pose d'un anti-bélier de 100 litres avec une pression comprise entre 10 et 15 bars | C19: ='BPU_Lot-01_Centre 1'!C19 -> u | D19: =D9 -> 3 | E19: ='BPU_Lot-01_Centre 1'!D19 -> 0 | F19: =E19*D19 -> 0
A20: ='BPU_Lot-01_Centre 1'!A20 -> 2.13 | B20: ='BPU_Lot-01_Centre 1'!B20 -> Fourniture et pose d'un coffret de commande de type Hybride DC/AC et d'un coffret de démarrage avec système de régulation automatique y/c électrodes et câbles unifilaires de protection ainsi que les câbles d’alimentation sous-fourreau ou gaine du coffret à la tête de forage, d'une protection contre la foudre et d'une prise de terre complet. | C20: ='BPU_Lot-01_Centre 1'!C20 -> u | D20: =D9 -> 3 | E20: ='BPU_Lot-01_Centre 1'!D20 -> 0 | F20: =E20*D20 -> 0
A21: ='BPU_Lot-01_Centre 1'!A21 -> 2.14 | B21: ='BPU_Lot-01_Centre 1'!B21 -> Construction d'une ligne de moyenne tension de 0 à 1000m | C21: ='BPU_Lot-01_Centre 1'!C21 -> PM | D21: =D9 -> 3 | E21: ='BPU_Lot-01_Centre 1'!D21 -> 0 | F21: =E21*D21 -> 0
A22: ='BPU_Lot-01_Centre 1'!A22 -> 2.15 | B22: ='BPU_Lot-01_Centre 1'!B22 -> Branchement et abonnement pour une compteur CIE | C22: ='BPU_Lot-01_Centre 1'!C22 -> PM | D22: =D21 -> 3 | E22: ='BPU_Lot-01_Centre 1'!D22 -> 0 | F22: =E22*D22 -> 0
A23: ='BPU_Lot-01_Centre 1'!A23 -> 2.16 | B23: ='BPU_Lot-01_Centre 1'!B23 -> Fourniture d'une sonde lumineuse et sonore | C23: ='BPU_Lot-01_Centre 1'!C23 -> u | D23: 1 | E23: ='BPU_Lot-01_Centre 1'!D23 -> 0 | F23: =E23*D23 -> 0
A24: ='BPU_Lot-01_Centre 1'!A24 -> 3 | B24: ='BPU_Lot-01_Centre 1'!B24 -> Conduite de refoulement PN 16 | C24: ='BPU_Lot-01_Centre 1'!C24 -> 0 | G24: =SUM(F25:F33) -> 0
A25: ='BPU_Lot-01_Centre 1'!A25 -> 3.1 | B25: ='BPU_Lot-01_Centre 1'!B25 -> Fouille en terrain tendre | C25: ='BPU_Lot-01_Centre 1'!C25 -> ml | D25: =D28+D29 -> 3704 | E25: ='BPU_Lot-01_Centre 1'!D25 -> 0 | F25: =E25*D25 -> 0
A26: ='BPU_Lot-01_Centre 1'!A26 -> 3.2 | B26: ='BPU_Lot-01_Centre 1'!B26 -> Grillage avertisseur | C26: ='BPU_Lot-01_Centre 1'!C26 -> ml | D26: =D25 -> 3704 | E26: ='BPU_Lot-01_Centre 1'!D26 -> 0 | F26: =E26*D26 -> 0
A27: ='BPU_Lot-01_Centre 1'!A27 -> 3.3 | B27: ='BPU_Lot-01_Centre 1'!B27 -> Plus-Value carapace latéritique (utilisation d'engins pneumatiques) | C27: ='BPU_Lot-01_Centre 1'!C27 -> m3 | D27: =D25*25% -> 926 | E27: ='BPU_Lot-01_Centre 1'!D27 -> 0 | F27: =E27*D27 -> 0
A28: ='BPU_Lot-01_Centre 1'!A28 -> 3.4 | B28: ='BPU_Lot-01_Centre 1'!B28 -> PEHD DN 63 (63x5.8 y/c té, bouchons et coudes en PEHD | C28: ='BPU_Lot-01_Centre 1'!C28 -> ml | E28: ='BPU_Lot-01_Centre 1'!D28 -> 0 | F28: =E28*D28 -> 0
A29: ='BPU_Lot-01_Centre 1'!A29 -> 3.5 | B29: ='BPU_Lot-01_Centre 1'!B29 -> PEHD DN 90 (90x8.2) y/c té, bouchons et coudes en PEHD | C29: ='BPU_Lot-01_Centre 1'!C29 -> ml | D29: 3704 | E29: ='BPU_Lot-01_Centre 1'!D29 -> 0 | F29: =E29*D29 -> 0
A30: ='BPU_Lot-01_Centre 1'!A30 -> 3.6 | B30: ='BPU_Lot-01_Centre 1'!B30 -> Fourniture et pose d'une vidange sous BAC sur le refoulement y/c toutes sujétions | C30: ='BPU_Lot-01_Centre 1'!C30 -> u | D30: =D9 -> 3 | E30: ='BPU_Lot-01_Centre 1'!D30 -> 0 | F30: =E30*D30 -> 0
A31: ='BPU_Lot-01_Centre 1'!A31 -> 3.7 | B31: ='BPU_Lot-01_Centre 1'!B31 -> Fourniture et pose de fourreau | C31: ='BPU_Lot-01_Centre 1'!C31 -> ml | D31: 75 | E31: ='BPU_Lot-01_Centre 1'!D31 -> 0 | F31: =E31*D31 -> 0
A32: ='BPU_Lot-01_Centre 1'!A32 -> 3.8 | B32: ='BPU_Lot-01_Centre 1'!B32 -> Balise de repérage | C32: ='BPU_Lot-01_Centre 1'!C32 -> u | D32: =D25/50 -> 74.08 | E32: ='BPU_Lot-01_Centre 1'!D32 -> 0 | F32: =E32*D32 -> 0
A33: ='BPU_Lot-01_Centre 1'!A33 -> 3.9 | B33: ='BPU_Lot-01_Centre 1'!B33 -> Essai de pression sur le réseau de refoulement | C33: ='BPU_Lot-01_Centre 1'!C33 -> u/10ml | D33: =D25/10 -> 370.4 | E33: ='BPU_Lot-01_Centre 1'!D33 -> 0 | F33: =E33*D33 -> 0
A34: ='BPU_Lot-01_Centre 1'!A34 -> 4 | B34: ='BPU_Lot-01_Centre 1'!B34 -> Réseau de distribution PN 10 | C34: ='BPU_Lot-01_Centre 1'!C34 -> 0 | G34: =SUM(F35:F61) -> 0
A35: ='BPU_Lot-01_Centre 1'!A35 -> 4.1 | B35: ='BPU_Lot-01_Centre 1'!B35 -> Fouille en terrain tendre | C35: ='BPU_Lot-01_Centre 1'!C35 -> ml | D35: =D39+D40+D41+D42+D43 -> 25707 | E35: ='BPU_Lot-01_Centre 1'!D35 -> 0 | F35: =E35*D35 -> 0
A36: ='BPU_Lot-01_Centre 1'!A36 -> 4.2 | B36: ='BPU_Lot-01_Centre 1'!B36 -> Grillage avertisseur | C36: ='BPU_Lot-01_Centre 1'!C36 -> ml | D36: =D35 -> 25707 | E36: ='BPU_Lot-01_Centre 1'!D36 -> 0 | F36: =E36*D36 -> 0
A37: ='BPU_Lot-01_Centre 1'!A37 -> 4.3 | B37: ='BPU_Lot-01_Centre 1'!B37 -> Plus-Value carapace latéritique (utilisation d'engins pneumatiques) | C37: ='BPU_Lot-01_Centre 1'!C37 -> m3 | D37: =D35*30% -> 7712.1 | E37: ='BPU_Lot-01_Centre 1'!D37 -> 0 | F37: =E37*D37 -> 0
A38: ='BPU_Lot-01_Centre 1'!A38 -> 4.4 | B38: ='BPU_Lot-01_Centre 1'!B38 -> PPR diam. 21/25 y/c té et coudes en PPR pour les bâtiments du centre de santé | C38: ='BPU_Lot-01_Centre 1'!C38 -> ml | D38: 300 | E38: ='BPU_Lot-01_Centre 1'!D38 -> 0 | F38: =E38*D38 -> 0
A39: ='BPU_Lot-01_Centre 1'!A39 -> 4.5 | B39: ='BPU_Lot-01_Centre 1'!B39 -> PEHD diam. 33,6/40 y/c té, bouchons et coudes en PEHD pour la connexion du points d'eau de l'école primaire et le raccordement des BF | C39: ='BPU_Lot-01_Centre 1'!C39 -> ml | D39: 700 | E39: ='BPU_Lot-01_Centre 1'!D39 -> 0 | F39: =E39*D39 -> 0
A40: ='BPU_Lot-01_Centre 1'!A40 -> 4.6 | B40: ='BPU_Lot-01_Centre 1'!B40 -> PEHD DN 63 (63x3.8) y/c té, bouchons et coudes en PEHD | C40: ='BPU_Lot-01_Centre 1'!C40 -> ml | D40: 6678 | E40: ='BPU_Lot-01_Centre 1'!D40 -> 0 | F40: =E40*D40 -> 0
A41: ='BPU_Lot-01_Centre 1'!A41 -> 4.7 | B41: ='BPU_Lot-01_Centre 1'!B41 -> PEHD DN 90 (90x5.4) y/c té, bouchons et coudes en PEHD | C41: ='BPU_Lot-01_Centre 1'!C41 -> ml | D41: 12648 | E41: ='BPU_Lot-01_Centre 1'!D41 -> 0 | F41: =E41*D41 -> 0
A42: ='BPU_Lot-01_Centre 1'!A42 -> 4.8 | B42: ='BPU_Lot-01_Centre 1'!B42 -> PEHD DN 110 (110x6.6) y/c té, bouchons et coudes en PEHD | C42: ='BPU_Lot-01_Centre 1'!C42 -> ml | D42: 4925 | E42: ='BPU_Lot-01_Centre 1'!D42 -> 0 | F42: =E42*D42 -> 0
A43: ='BPU_Lot-01_Centre 1'!A43 -> 4.9 | B43: ='BPU_Lot-01_Centre 1'!B43 -> PEHD DN 160 (160x9.5) y/c té, bouchons et coudes en PEHD | C43: ='BPU_Lot-01_Centre 1'!C43 -> ml | D43: 756 | E43: ='BPU_Lot-01_Centre 1'!D43 -> 0 | F43: =E43*D43 -> 0
A44: ='BPU_Lot-01_Centre 1'!A44 -> 4.10 | B44: ='BPU_Lot-01_Centre 1'!B44 -> Fourniture et pose de vanne de sectionnement DN 60 y/c brides en fonte, joints d'étanchéité et boulons sous BAC | C44: ='BPU_Lot-01_Centre 1'!C44 -> u | D44: 13 | E44: ='BPU_Lot-01_Centre 1'!D44 -> 0 | F44: =E44*D44 -> 0
A45: ='BPU_Lot-01_Centre 1'!A45 -> 4.11 | B45: ='BPU_Lot-01_Centre 1'!B45 -> Fourniture et pose de vanne de sectionnement DN 80 y/c brides en fonte, joints d'étanchéité et boulons sous regard avec dalle amovible | C45: ='BPU_Lot-01_Centre 1'!C45 -> u | D45: 3 | E45: ='BPU_Lot-01_Centre 1'!D45 -> 0 | F45: =E45*D45 -> 0
A46: ='BPU_Lot-01_Centre 1'!A46 -> 4.12 | B46: ='BPU_Lot-01_Centre 1'!B46 -> Fourniture et pose de vanne de sectionnement DN 100 y/c brides en fonte, joints d'étanchéité et boulons sous regard avec dalle amovible | C46: ='BPU_Lot-01_Centre 1'!C46 -> u | D46: 1 | E46: ='BPU_Lot-01_Centre 1'!D46 -> 0 | F46: =E46*D46 -> 0
A47: ='BPU_Lot-01_Centre 1'!A47 -> 4.13 | B47: ='BPU_Lot-01_Centre 1'!B47 -> Fourniture et pose de vanne de sectionnement DN 150 y/c brides en fonte, joints d'étanchéité et boulons sous regard avec dalle amovible | C47: ='BPU_Lot-01_Centre 1'!C47 -> 0 | D47: 1 | E47: ='BPU_Lot-01_Centre 1'!D47 -> 0 | F47: =E47*D47 -> 0
A48: ='BPU_Lot-01_Centre 1'!A48 -> 4.14 | B48: ='BPU_Lot-01_Centre 1'!B48 -> Fourniture et pose d’une bouche à clé (BAC) pour commande des vannes | C48: ='BPU_Lot-01_Centre 1'!C48 -> u | D48: 13 | E48: ='BPU_Lot-01_Centre 1'!D48 -> 0 | F48: =E48*D48 -> 0
A49: ='BPU_Lot-01_Centre 1'!A49 -> 4.15 | B49: ='BPU_Lot-01_Centre 1'!B49 -> Construction de regard en béton armé de 1mx1mx1m avec dalle amovible pour vannes de sectionnement | C49: ='BPU_Lot-01_Centre 1'!C49 -> u | D49: =D45+D46+D47 -> 5 | E49: ='BPU_Lot-01_Centre 1'!D49 -> 0 | F49: =E49*D49 -> 0
A50: ='BPU_Lot-01_Centre 1'!A50 -> 4.16 | B50: ='BPU_Lot-01_Centre 1'!B50 -> Fourniture et pose de fourreau 100 | C50: ='BPU_Lot-01_Centre 1'!C50 -> ml | D50: =4*25 -> 100 | E50: ='BPU_Lot-01_Centre 1'!D50 -> 0 | F50: =E50*D50 -> 0
A51: ='BPU_Lot-01_Centre 1'!A51 -> 4.17 | B51: ='BPU_Lot-01_Centre 1'!B51 -> Fourniture et pose de fourreau 160 | C51: ='BPU_Lot-01_Centre 1'!C51 -> ml | D51: =1*25 -> 25 | E51: ='BPU_Lot-01_Centre 1'!D51 -> 0 | F51: =E51*D51 -> 0
A52: ='BPU_Lot-01_Centre 1'!A52 -> 4.18 | B52: ='BPU_Lot-01_Centre 1'!B52 -> Fourniture d’une clé en croix pour bouche à clé | C52: ='BPU_Lot-01_Centre 1'!C52 -> u | D52: 5 | E52: ='BPU_Lot-01_Centre 1'!D52 -> 0 | F52: =E52*D52 -> 0
A53: ='BPU_Lot-01_Centre 1'!A53 -> 4.19 | B53: ='BPU_Lot-01_Centre 1'!B53 -> Vidange du réseau DN 63 sous BAC | C53: ='BPU_Lot-01_Centre 1'!C53 -> u | D53: 8 | E53: ='BPU_Lot-01_Centre 1'!D53 -> 0 | F53: =E53*D53 -> 0
A54: ='BPU_Lot-01_Centre 1'!A54 -> 4.20 | B54: ='BPU_Lot-01_Centre 1'!B54 -> Vidange du réseau DN 90 sous regard sous regard en béton armé de 1mx1mx1m avec dalle amovible | C54: ='BPU_Lot-01_Centre 1'!C54 -> u | D54: 8 | E54: ='BPU_Lot-01_Centre 1'!D54 -> 0 | F54: =E54*D54 -> 0
A55: ='BPU_Lot-01_Centre 1'!A55 -> 4.21 | B55: ='BPU_Lot-01_Centre 1'!B55 -> Vidange du réseau DN 110 sous regard sous regard en béton armé de 1mx1mx1m avec dalle amovible | C55: ='BPU_Lot-01_Centre 1'!C55 -> u | D55: 3 | E55: ='BPU_Lot-01_Centre 1'!D55 -> 0 | F55: =E55*D55 -> 0
A56: ='BPU_Lot-01_Centre 1'!A56 -> 4.22 | B56: ='BPU_Lot-01_Centre 1'!B56 -> Fourniture et pose de ventouses sous regard en béton armé de 1mx1mx1m avec dalle amovible | C56: ='BPU_Lot-01_Centre 1'!C56 -> u | D56: 11 | E56: ='BPU_Lot-01_Centre 1'!D56 -> 0 | F56: =E56*D56 -> 0
A57: ='BPU_Lot-01_Centre 1'!A57 -> 4.23 | B57: ='BPU_Lot-01_Centre 1'!B57 -> Confection et mise en œuvre du béton à 250 kg pour butées | C57: ='BPU_Lot-01_Centre 1'!C57 -> m3 | D57: 2 | E57: ='BPU_Lot-01_Centre 1'!D57 -> 0 | F57: =E57*D57 -> 0
A58: ='BPU_Lot-01_Centre 1'!A58 -> 4.24 | B58: ='BPU_Lot-01_Centre 1'!B58 -> Balise de repérage | C58: ='BPU_Lot-01_Centre 1'!C58 -> u | D58: 110 | E58: ='BPU_Lot-01_Centre 1'!D58 -> 0 | F58: =E58*D58 -> 0
A59: ='BPU_Lot-01_Centre 1'!A59 -> 4.25 | B59: ='BPU_Lot-01_Centre 1'!B59 -> Borne de repérage | C59: ='BPU_Lot-01_Centre 1'!C59 -> u | D59: 75 | E59: ='BPU_Lot-01_Centre 1'!D59 -> 0 | F59: =E59*D59 -> 0
A60: ='BPU_Lot-01_Centre 1'!A60 -> 4.26 | B60: ='BPU_Lot-01_Centre 1'!B60 -> Fourniture d'un lot de pièces de rechange (robinets à boisseau, vanne de sectionnement, etc.) | C60: ='BPU_Lot-01_Centre 1'!C60 -> u | D60: 1 | E60: ='BPU_Lot-01_Centre 1'!D60 -> 0 | F60: =E60*D60 -> 0
A61: ='BPU_Lot-01_Centre 1'!A61 -> 4.27 | B61: ='BPU_Lot-01_Centre 1'!B61 -> Essai de pression sur le réseau de distribution | C61: ='BPU_Lot-01_Centre 1'!C61 -> u/ml | D61: =(D40+D41+D42+D43)/10 -> 2500.7 | E61: ='BPU_Lot-01_Centre 1'!D61 -> 0 | F61: =E61*D61 -> 0
A62: ='BPU_Lot-01_Centre 1'!A62 -> 5 | B62: ='BPU_Lot-01_Centre 1'!B62 -> Borne-Fontaine | C62: ='BPU_Lot-01_Centre 1'!C62 -> u | G62: =SUM(F63:F67) -> 0
A63: ='BPU_Lot-01_Centre 1'!A63 -> 5.1 | B63: ='BPU_Lot-01_Centre 1'!B63 -> Construction et équipement d'une borne fontaine à 4 robinets de puisage à boisseau 1/4 de tour, avec la clôture 5,30mx5,30mx1,5m en parpaings 15 talochée, enduite et peinte, 2 portillons, le collier de prise, le compteur 15, la vanne Ø60 et la BAC pour la connexion sur la distribution font partie de ce prix. Le compteur sera placé dans un regard de 0,7mx0,3mx0,6 m avec une fermeture en tôle striée et maintenue par une chaîne | C63: ='BPU_Lot-01_Centre 1'!C63 -> u | D63: ='[1]Centre 1'!$C$57 -> 10 | E63: ='BPU_Lot-01_Centre 1'!D63 -> 0 | F63: =E63*D63 -> 0
A64: ='BPU_Lot-01_Centre 1'!A64 -> 5.2 | B64: ='BPU_Lot-01_Centre 1'!B64 -> Réalisation d'un puits perdu de 1mx1mx1,5m en parpaings 15 taloché et enduit avec une dalle amovible en béton armé pour les eaux perdues rempli de moellons | C64: ='BPU_Lot-01_Centre 1'!C64 -> u | D64: =D63 -> 10 | E64: ='BPU_Lot-01_Centre 1'!D64 -> 0 | F64: =E64*D64 -> 0
A65: ='BPU_Lot-01_Centre 1'!A65 -> 5.3 | B65: ='BPU_Lot-01_Centre 1'!B65 -> Construction d'un muret en maçonnerie en parpaing 15 de dimensions L=2,00m x h=1,20m) avec carreaux grès-cérame sur les 2 façades, 04 Robinets de type à boisseau de 1er choix sur chaque façade, réalisation d'un bac receptacle en maçonnerie sur chaque façade au pied du muret de dimension 2,00m x 0,30m m et de profondeur 0,50m muni d'un siphon de sol diamètre 120 pour l'évacuation des EU vers le puits perdu y/c la connexion avec fourniture et pose d'un compteur DN20 sous regard recouvert d'une fermeture en tôle strié et d'un puits perdu dans les etblissements primaires, secondaires et professionnelles | C65: ='BPU_Lot-01_Centre 1'!C65 -> u | D65: 5 | E65: ='BPU_Lot-01_Centre 1'!D65 -> 0 | F65: =E65*D65 -> 0
A66: ='BPU_Lot-01_Centre 1'!A66 -> 5.4 | B66: ='BPU_Lot-01_Centre 1'!B66 -> Connexion des bâtiments du centre de santé avec fourniture et pose de conduite DN 40 (40x2.4) de la distribution jusqu'au compteur du centre d'eau posé dans un regard recouvert d'une fermeture en tôle strié. Travaux de remise en état des équipements sanitaires et robinetterie (remplacement de robinets défectueux, conduites d'évacuation, détachage, nettoyage et lavage des sanitaires existants). | C66: ='BPU_Lot-01_Centre 1'!C66 -> u | D66: 2 | E66: ='BPU_Lot-01_Centre 1'!D66 -> 0 | F66: =E66*D66 -> 0
A67: ='BPU_Lot-01_Centre 1'!A67 -> 5.5 | B67: ='BPU_Lot-01_Centre 1'!B67 -> Connexion du bâtiment de la brigarde de gendarmerie avec fourniture et pose de conduite DN 40 (40x2.4) de la distribution jusqu'au compteur du centre d'eau posé dans un regard recouvert d'une fermeture en tôle strié. Travaux de remise en état des équipements sanitaires et robinetterie (remplacement de robinets défectueux, conduites d'évacuation, détachage, nettoyage et lavage des sanitaires existants). | C67: ='BPU_Lot-01_Centre 1'!C67 -> u | D67: 0 | E67: ='BPU_Lot-01_Centre 1'!D67 -> 0 | F67: =E67*D67 -> 0
A68: ='BPU_Lot-01_Centre 1'!A68 -> 6 | B68: ='BPU_Lot-01_Centre 1'!B68 -> Château d'Eau de 15 m de haut | C68: ='BPU_Lot-01_Centre 1'!C68 -> 0 | G68: =SUM(F69:F79) -> 0
A69: ='BPU_Lot-01_Centre 1'!A69 -> 6.1 | B69: ='BPU_Lot-01_Centre 1'!B69 -> Réalisation d'une piste d'accès de 6m de large depuis la voie principale | C69: ='BPU_Lot-01_Centre 1'!C69 -> u | D69: 1 | E69: ='BPU_Lot-01_Centre 1'!D69 -> 0 | F69: =E69*D69 -> 0
A70: ='BPU_Lot-01_Centre 1'!A70 -> 6.2 | B70: ='BPU_Lot-01_Centre 1'!B70 -> Défrichement, Abattage d'arbre, dessouchage, nivellement de la concession | C70: ='BPU_Lot-01_Centre 1'!C70 -> u | D70: 1 | E70: ='BPU_Lot-01_Centre 1'!D70 -> 0 | F70: =E70*D70 -> 0
A71: ='BPU_Lot-01_Centre 1'!A71 -> 6.3 | B71: ='BPU_Lot-01_Centre 1'!B71 -> Cinstruction d'un réservoir | C71: ='BPU_Lot-01_Centre 1'!C71 -> 0
A72: ='BPU_Lot-01_Centre 1'!A72 -> 6.3.1 | B72: ='BPU_Lot-01_Centre 1'!B72 -> Construction et équipement d'un château d'eau de 100 m3 en béton armé sur une tour de 15m de haut. L'équipement comprend les colonnes montantes (refoulement, distribution, trop plein-vidange) galvanisées à chaud, le flotteur de 1er choix. Pose d'un grillage à l'entrée du trou d'homme | C72: ='BPU_Lot-01_Centre 1'!C72 -> u | D72: 1 | E72: ='BPU_Lot-01_Centre 1'!D72 -> 0 | F72: =E72*D72 -> 0
A73: ='BPU_Lot-01_Centre 1'!A73 -> 6.3.2 | B73: ='BPU_Lot-01_Centre 1'!B73 -> Construction et équipement d'un regard pour le by-pass (2 vannes DN 80 et 1 vanne DN 150, 1 compteur volumétrique DN 100, un filtre à tamis DN 150, 1 canne à injection) | C73: ='BPU_Lot-01_Centre 1'!C73 -> u | D73: 1 | E73: ='BPU_Lot-01_Centre 1'!D73 -> 0 | F73: =E73*D73 -> 0
A74: ='BPU_Lot-01_Centre 1'!A74 -> 6.3.3 | B74: ='BPU_Lot-01_Centre 1'!B74 -> Construction d'une clôture en parpaing pour le château d'eau de dimensions (Lxlxh) 20mx20mx2m avec une longrine et des poteaux espacés de 3m saillant à l'extérieur. Un couronnement (chaperon de mur) en béton-armé de largeur 10 cm sur tout le périmètre avec un portail à 2 battants 4mx2m à ouverture vers l'intérieur de la clôture y compris crépissage tyrolienne à l'extérieur et peinture à l'intérieur. La couleur de la peinture sera definie par le Maitre d'Ouvrage | C74: ='BPU_Lot-01_Centre 1'!C74 -> u | D74: 1 | E74: ='BPU_Lot-01_Centre 1'!D74 -> 0 | F74: =E74*D74 -> 0
A75: ='BPU_Lot-01_Centre 1'!A75 -> 6.3.4 | B75: ='BPU_Lot-01_Centre 1'!B75 -> Construction d'un local de 2mx2mx2,5m pour les équipements électriques, électromécaniques (inverseur, coffret de commande, coffret de démarrage) et de traitement (bac à chlore, agitateur, pompe doseuse). Une paillasse en béton armé pour les contrôles sera construite avec un robinet installé au dessus de l'évier. Il sera équipé d'un portillon métallique y compris cadenas de fermeture. La toiture sera en béton armé à double pente | C75: ='BPU_Lot-01_Centre 1'!C75 -> u | D75: 1 | E75: ='BPU_Lot-01_Centre 1'!D75 -> 0 | F75: =E75*D75 -> 0
A76: ='BPU_Lot-01_Centre 1'!A76 -> 6.3.5 | B76: ='BPU_Lot-01_Centre 1'!B76 -> Fourniture et pose des équipements de traitement de l'eau Bac à chlore de 250 litres Agitateur d'hypochlorite (L arbre=1250; Dmob=128; Pmot=0,75) Pompe doseuse de 0-15l/h à 4 bars Canne à injection | C76: ='BPU_Lot-01_Centre 1'!C76 -> Ens | D76: 1 | E76: ='BPU_Lot-01_Centre 1'!D76 -> 0 | F76: =E76*D76 -> 0
A77: ='BPU_Lot-01_Centre 1'!A77 -> 6.3.6 | B77: ='BPU_Lot-01_Centre 1'!B77 -> Réalisation d'un puits perdu de 1mx1mx1,5m en parpaings 15 taloché et enduit avec une dalle amovible pour la vidange du CE à l'extérieur de la clôture si nécessaire | C77: ='BPU_Lot-01_Centre 1'!C77 -> u | D77: 1 | E77: ='BPU_Lot-01_Centre 1'!D77 -> 0 | F77: =E77*D77 -> 0
A78: ='BPU_Lot-01_Centre 1'!A78 -> 6.3.7 | B78: ='BPU_Lot-01_Centre 1'!B78 -> Réalisation d'un regard de vidange de 1mx1mx0,5m en parpaings 15 taloché et enduit avec une dalle amovible à l'intérieur de la clôture | C78: ='BPU_Lot-01_Centre 1'!C78 -> u | D78: 1 | E78: ='BPU_Lot-01_Centre 1'!D78 -> 0 | F78: =E78*D78 -> 0
A79: ='BPU_Lot-01_Centre 1'!A79 -> 6.3.8 | B79: ='BPU_Lot-01_Centre 1'!B79 -> Décontamination systématique des installations à la fin de l’ensemble des travaux | C79: ='BPU_Lot-01_Centre 1'!C79 -> u | D79: 1 | E79: ='BPU_Lot-01_Centre 1'!D79 -> 0 | F79: =E79*D79 -> 0
A80: ='BPU_Lot-01_Centre 1'!A80 -> 7 | B80: ='BPU_Lot-01_Centre 1'!B80 -> Champ solaire | C80: ='BPU_Lot-01_Centre 1'!C80 -> 0 | G80: =SUM(F81:F87) -> 0
A81: ='BPU_Lot-01_Centre 1'!A81 -> 7.1 | B81: ='BPU_Lot-01_Centre 1'!B81 -> Construction d’un champ solaire de 26kW avec des panneaux surmontés sur une ossature en acier galvanisé dont les piètements sont en cornière 60x60x6 à 2,50m de hauteur y compris des batteries en lithium-ion de 24V (capacité globale: 6 000Ah), 48V (capacité globale: 3 000 Ah), 51,2V (capacité globale: 3 000Ah), Onduleur/regulateur: MPPT, disjoncteur compact, cables, support des batteries et tous les éléments nécessaires à son fonctionnement. | C81: ='BPU_Lot-01_Centre 1'!C81 -> u | D81: 1 | E81: ='BPU_Lot-01_Centre 1'!D81 -> 0 | F81: =E81*D81 -> 0
A82: ='BPU_Lot-01_Centre 1'!A82 -> 7.2 | B82: ='BPU_Lot-01_Centre 1'!B82 -> Construction d’un champ solaire de 23kW avec des panneaux surmontés sur une ossature en acier galvanisé dont les piètements sont en cornière 60x60x6 à 2,50m de hauteur y compris des batteries en lithium-ion de 24V (capacité globale: 5 000Ah), 48V (capacité globale: 2 500 Ah), 51,2V (capacité globale: 2 500Ah), Onduleur/regulateur: MPPT, disjoncteur compact, cables, support des batteries et tous les elements nécessaires à son fonctionnement. | C82: ='BPU_Lot-01_Centre 1'!C82 -> u | D82: 1 | E82: ='BPU_Lot-01_Centre 1'!D82 -> 0 | F82: =E82*D82 -> 0
A83: ='BPU_Lot-01_Centre 1'!A83 -> 7.2 | B83: ='BPU_Lot-01_Centre 1'!B83 -> Construction d’un champ solaire de 30kW avec des panneaux surmontés sur une ossature en acier galvanisé dont les piètements sont en cornière 60x60x6 à 2,50m de hauteur y compris des batteries en lithium-ion de 24V (capacité globale: 7 000Ah), 48V (capacité globale: 3 500 Ah), 51,2V (capacité globale: 3 500Ah), Onduleur/regulateur: MPPT, disjoncteur compact, cables, support des batteries et tous les elements nécessaires à son fonctionnement. | C83: ='BPU_Lot-01_Centre 1'!C83 -> u | D83: 1 | E83: ='BPU_Lot-01_Centre 1'!D83 -> 0 | F83: =E83*D83 -> 0
A84: ='BPU_Lot-01_Centre 1'!A84 -> 7.3 | B84: ='BPU_Lot-01_Centre 1'!B84 -> Construction d'une clôture grillagée du champ solaire de 15mx15mx2m avec un portail de 1,5mx2m. Le portail sera muni d'un système d'alarme sonore. Les panneaux seront intimement fixés au receptacle par des rivets inviolables | C84: ='BPU_Lot-01_Centre 1'!C84 -> u | D84: 2 | E84: ='BPU_Lot-01_Centre 1'!D84 -> 0 | F84: =E84*D84 -> 0
A85: ='BPU_Lot-01_Centre 1'!A85 -> 7.4 | B85: ='BPU_Lot-01_Centre 1'!B85 -> Fourniture et pose de 10 potence supportant des asperseurs haute pression alimenté à partir du forage à 3m de haut pour le nettoyage des panneaux solaires | C85: ='BPU_Lot-01_Centre 1'!C85 -> ens | D85: 3 | E85: ='BPU_Lot-01_Centre 1'!D85 -> 0 | F85: =E85*D85 -> 0
A86: ='BPU_Lot-01_Centre 1'!A86 -> 7.5 | B86: ='BPU_Lot-01_Centre 1'!B86 -> Construction d’un champ solaire de 2kW avec des panneaux surmontés sur une ossature en acier galvanisé dont les piètements sont en cornière 60x60x6 y compris des batteries en lithium-ion de 24V (capacité globale: 80Ah), 48V (capacité globale: 60 Ah), 51,2V (capacité globale: 60Ah), Onduleur/regulateur: MPPT, disjoncteur compact, cables, support des batteries et tous les élements nécessaires au fonctionnement de la pompe doseuse et de l'agitateur. Il sera implanté dans la cour du château d'eau | C86: ='BPU_Lot-01_Centre 1'!C86 -> u | D86: 2 | E86: ='BPU_Lot-01_Centre 1'!D86 -> 0 | F86: =E86*D86 -> 0
A87: ='BPU_Lot-01_Centre 1'!A87 -> 7.6 | B87: ='BPU_Lot-01_Centre 1'!B87 -> Fourniture et installation de lampes solaires autonomes de puissance minimale 300 W sur poteaux métalliques à 3m de haut pour éclairage des sites du château d'eau, des bornes fontaines et du Forage | C87: ='BPU_Lot-01_Centre 1'!C87 -> u | D87: 18 | E87: ='BPU_Lot-01_Centre 1'!D87 -> 0 | F87: =E87*D87 -> 0
A88: ='BPU_Lot-01_Centre 1'!A88 -> 8 | B88: ='BPU_Lot-01_Centre 1'!B88 -> Communication, Dossier Technique et Formation | C88: ='BPU_Lot-01_Centre 1'!C88 -> 0 | G88: =SUM(F89:F93) -> 0
A89: ='BPU_Lot-01_Centre 1'!A89 -> 8.1 | B89: ='BPU_Lot-01_Centre 1'!B89 -> Fourniture et pose de panneau de chantier suivant le modèle établi par le Maitre d'œuvre et validé par le Maitre d'Ouvrage et l'Autorité Contractante | C89: ='BPU_Lot-01_Centre 1'!C89 -> u | D89: 10 | E89: ='BPU_Lot-01_Centre 1'!D89 -> 0 | F89: =E89*D89 -> 0
A90: ='BPU_Lot-01_Centre 1'!A90 -> 0 | B90: ='BPU_Lot-01_Centre 1'!B90 -> Fourniture et pose de visibilité (plaque en plexiglass) sur la clôture du forage, du château d'eau et des Bornes fontaines suivant le modèle établi par le Maitre d'œuvre et validé par le Maitre d'Ouvrage et l'Autorité Contractante | C90: ='BPU_Lot-01_Centre 1'!C90 -> u | D90: 14 | E90: ='BPU_Lot-01_Centre 1'!D90 -> 0 | F90: =E90*D90 -> 0
A91: ='BPU_Lot-01_Centre 1'!A91 -> 8.2 | B91: ='BPU_Lot-01_Centre 1'!B91 -> Fourniture de smartphones avec du crédit de communication sur toute la durée du projet | C91: ='BPU_Lot-01_Centre 1'!C91 -> u | D91: 4 | E91: ='BPU_Lot-01_Centre 1'!D91 -> 0 | F91: =E91*D91 -> 0
A92: ='BPU_Lot-01_Centre 1'!A92 -> 8.3 | B92: ='BPU_Lot-01_Centre 1'!B92 -> Documents de récolement incluant les différents plans d'installation des ouvrages (forages, châteaux d'eau, réseau de refoulement, réseau de distribution, pièces spéciales, etc.), PV (essais de pression, essais généraux, essai de fonctionnement, etc.). Les profils en long finaux des refoulements | C92: ='BPU_Lot-01_Centre 1'!C92 -> Fft | D92: 1 | E92: ='BPU_Lot-01_Centre 1'!D92 -> 0 | F92: =E92*D92 -> 0
A93: ='BPU_Lot-01_Centre 1'!A93 -> 8.4 | B93: ='BPU_Lot-01_Centre 1'!B93 -> Formation de 3 utilisateurs (Comité de Gestion) à la maintenance courante et à la maitrise de la gestion du système (Faire une formation théorique et phase pratique) y compris un manuel d'entretien (schéma électrique, démontage et remontage du système simplifié de traitement de l'eau, etc.) | C93: ='BPU_Lot-01_Centre 1'!C93 -> Fft | D93: 1 | E93: ='BPU_Lot-01_Centre 1'!D93 -> 0 | F93: =E93*D93 -> 0
A94: Montant Total des travaux | G94: =SUM(G2:G93) -> 0

Sheet BPU_Lot-02_Centre 2
A1: N° | B1: Désignations | C1: Unités | D1: Prix unitaire F.CFA en chiffres | E1: Prix unitaire F.CFA en lettres
A2: 1 | B2: Mobilisation, installation de chantier, Forfaits généraux
A3: 1.1 | B3: Mobilisation, installation et repli du chantier | C3: u
A4: 1.2 | B4: Implantation topographique du réseau | C4: u
A5: 1.3 | B5: Etudes et plans d'exécution (Etudes géotechniques + Notes de calculs des descentes de charge et du support métallique + Divers plans d'exécution) | C5: u
A6: 1.4 | B6: Essai de fonctionnement général des réseaux | C6: u
A7: 2 | B7: Forage
A8: 2.1 | B8: Implantation géophysique de trois (03) points de foration | C8: u
A9: 2.2 | B9: Réalisation de forages positifs en milieu de socle jusqu’à 150 m de profondeur équipé en PVC-forage de 6 pouces crépinés au droit des arrivées d'eau et pleins aux droits des zones stériles | C9: u
A10: 2.3 | B10: Rémunération de forages déclarés négatifs pour insuffisance de débit | C10: u
A11: 2.4 | B11: Analyses physico-chimiques, bactériologiques et des métaux lourds de l’eau des forages | C11: u
A12: 2.5 | B12: Réalisation d'une piste d'ccès de 6m de large depuis la voie principale | C12: u
A13: 2.6 | B13: Défrichement, abattage et dessouchage d'arbre, nivellement de la concession | C13: u
A14: 2.7 | B14: Construction d'une clôture en parpaing pour le forage de dimensions (Lxlxh) 10mx10mx2m au minimum avec une longrine et des poteaux espacés de 3m. Un couronnement (chaperon de mur) en béton-armé de largeur 10 cm sur tout le périmètre avec un portail à 2 battants 3mx1,4m à ouverture vers l'intérieur de la clôture y compris crépissage tyrolienne à l'extérieur et peinture à l'intérieur. Une niche avec porte grille métallique pour les équipements électriques, électromécaniques (inverseur, coffret de commande, coffret de démarrage). Epandage du gravier concassé sur toute la surface intérieure de la clôture. | C14: u
A15: 2.8 | B15: Construction de la nouvelle margelle incluant toute la longueur du manifold et pose de la tête de forage en inox DN 200 | C15: u
A16: 2.9 | B16: Fourniture et pose d'une colonne d'exhaure en matériaux flexible de type foraduc ou boreline | C16: u
A17: 2.10 | B17: Fourniture et pose d'une pompe immergée hybride AC/DC de 10 m3/h de 130 à 140m de HMT, colonne d'exhaure, boite de jonction, câbles d'alimentation électriques et accessoires | C17: u
A18: 2.11 | B18: Manifold complet en fonte ou en inox comprenant une ventouse, un clapet anti-retour, un filtre à tamis, un pressostat télémécanique, un manomètre à bain d'huile, une vannette de prise en laiton, un compteur volumétrique (DN 25-40), fileté, avec cadran sec et humide et une vanne de régulation à opercule. L'ensemble des pièces intermédiaires doit être en fonte ductile ou en inox, | C18: u
A19: 2.12 | B19: Fournitur et pose d'un anti-belier de 100 litres avec une pression comprise entre 10 et 15 bars | C19: u
... A23: 2.16 | B23: Fourniture d'une sonde lumineuse et sonore | C23: u
A24: 3 | B24: Conduite de refoulement PN 16
A25: 3.1 | B25: Fouille en terrain tendre | C25: ml
A26: 3.2 | B26: Grillage avertisseur | C26: ml
A27: 3.3 | B27: Plus-Value carapace latéritique | C27: m3
A28: 3.4 | B28: PEHD diam. 53/63 y/c té, bouchons et coudes en PEHD | C28: ml
A29: 3.5 | B29: PEHD diam. 76,8/90 y/c té, bouchons et coudes en PEHD | C29: ml
A30: 3.6 | B30: Fourniture et pose d'une vidange sous BAC sur le refoulement y/c toutes sujétions | C30: u
A31: 3.7 | B31: Fourniture et pose de fourreau 160 | C31: ml
A32: 3.8 | B32: Balise de repérage | C32: u
A33: 3.9 | B33: Essai de pression sur le réseau de distribution | C33: ml
A34: 4 | B34: Réseau de distribution PN 10
A35: 4.1 | B35: Fouille en terrain tendre | C35: ml
A36: 4.2 | B36: Grillage avertisseur | C36: ml
A37: 4.3 | B37: Plus-Value carapace latéritique | C37: m3
A38: 4.4 | B38: PPR diam. 21/25 y/c té et coudes en PPR | C38: ml
A39: 4.5 | B39: PEHD diam. 33,6/40 y/c té, bouchons et coudes en PEHD pour la connexion du points d'eau de l'école primaire et le raccordement des BF | C39: ml
A40: 4.6 | B40: PEHD DN 63 (63x3.8) y/c té, bouchons et coudes en PEHD | C40: ml
A41: 4.7 | B41: PEHD DN 90 (90x5.4) y/c té, bouchons et coudes en PEHD | C41: ml
A42: 4.8 | B42: PEHD DN 110 (110x6.6) y/c té, bouchons et coudes en PEHD | C42: ml
A43: 4.9 | B43: PEHD DN 160 (160x9.5) y/c té, bouchons et coudes en PEHD | C43: ml
A44: 4.10 | B44: Fourniture et pose de vanne de sectionnement DN 60 y/c brides en fonte, joints d'étanchéité et boulons sous BAC | C44: u
A45: 4.11 | B45: Fourniture et pose de vanne de sectionnement DN 80 y/c brides en fonte, joints d'étanchéité et boulons sous BAC | C45: u
A46: 4.12 | B46: Fourniture et pose de vanne de sectionnement DN 100 y/c brides en fonte, joints d'étanchéité et boulons sous BAC | C46: u
B47: Fourniture et pose de vanne de sectionnement DN 100 y/c brides en fonte, joints d'étanchéité et boulons sous regard | C47: u
A48: 4.13 | B48: Fourniture et pose de vanne de sectionnement DN 150 y/c brides en fonte, joints d'étanchéité et boulons sous regard
A49: 4.14 | B49: Fourniture et pose d’une bouche à clé (BAC) pour commande des vannes | C49: u
A50: 4.15 | B50: Construction de regard en béton armé de 1mx1mx1m avec dalle amovible pour vannes de sectionnement | C50: u
A51: 4.16 | B51: Fourniture et pose de fourreau 100 | C51: ml
A52: 4.17 | B52: Fourniture et pose de fourreau 160 | C52: ml
A53: 4.18 | B53: Fourniture d’une clé en croix pour bouche à clé | C53: u
A54: 4.19 | B54: Vidange du réseau DN 63 sous BAC | C54: u
A55: 4.20 | B55: Vidange du réseau DN 90 sous regard sous regard en béton armé de 1mx1mx1m avec dalle amovible | C55: u
A56: 4.21 | B56: Vidange du réseau DN 110 sous regard sous regard en béton armé de 1mx1mx1m avec dalle amovible | C56: u
A57: 4.22 | B57: Fourniture et pose de ventouses sous regard en béton armé de 1mx1mx1m avec dalle amovible | C57: u
A58: 4.23 | B58: Confection et mise en œuvre du béton à 250 kg pour butées | C58: m3
A59: 4.24 | B59: Balise de repérage | C59: u
A60: 4.25 | B60: Borne de repérage | C60: u
... A62: 4.27 | B62: Essai de pression sur le réseau de distribution | C62: ml
A63: 5 | B63: Borne-Fontaine | C63: u
A64: 5.1 | B64: Construction et équipement d'une borne fontaine à 4 robinets de puisage, avec la clôture 5,30mx5,30mx1,5m en parpaings 15 taloché, enduit et peint, 2 portillons y compris le collier de prise, compteur, la vanne Ø60 et la BAC pour la connexion sur la distribution | C64: u
A65: 5.2 | B65: Réalisation d'un puits perdu de 1mx1mx1,5m en parpaings 15 taloché et enduit avec une dalle amovible en béton armé pour les eaux perdues | C65: u
A66: 5.3 | B66: Construction d'un muret en maçonnerie en parpaing 15 de dimensions L=2,00m x h=1,20m) avec carreaux grès-cérame sur les 2 façades, 04 Robinets de type à boisseau de 1er choix sur chaque façade, réalisation d'un bac receptacle en maçonnerie sur chaque façade au pied du muret de dimension 2,00m x 0,30m m et de profondeur 0,50m muni d'un siphon de sol diamètre 120 pour l'évacuation des EU vers le puits perdu y/c la connexion avec fourniture et pose d'un compteur DN20 sous regard recouvert d'une fermeture en tôle strié et d'un puits perdu dans les etblissements primaires, secondaires et professionnelles | C66: u
A67: 5.4 | B67: Connexion des bâtiments du centre de santé avec fourniture et installation des équipements et raccordement au compteur du point d'eau sous regard recouvert d'une fermeture en tôle strié y/c Travaux de remise en état des équipements sanitaires et robinetterie (remplacement de robinets défectueux, conduites d'évacuation, détachage, nettoyage et lavage des sanitaires existants). | C67: u
A68: 5.5 | B68: Connexion du bâtiment de la brigarde de gendarmerie avec fourniture et installation des équipements et raccordement au compteur du point d'eau sous regard recouvert d'une fermeture en tôle strié y/c Travaux de remise en état des équipements sanitaires et robinetterie (remplacement de robinets défectueux, conduites d'évacuation, détachage, nettoyage et lavage des sanitaires existants). | C68: u
A69: 6 | B69: Château d'Eau de 15 m de haut
A70: 6.1 | B70: Réalisation d'une piste d'ccès de 6m de large depuis la voie principale | C70: u
A71: 6.2 | B71: Défrichement, Abattage d'arbre, dessouchage, nivellement de la concession | C71: u
A72: 6.3 | B72: Cinstruction d'un réservoir
A73: 6.3.1 | B73: Construction et équipement d'un château d'eau de 50 m3 en béton armé sur une tour de 15m de haut. L'équipement comprend les colonnes montantes (refoulement, distribution, trop plein-vidange) galvanisées à chaud, le flotteur de 1er choix, | C73: u
A74: 6.3.2 | B74: Construction et équipement d'un château d'eau de 100 m3 en béton armé sur une tour de 15m de haut. L'équipement comprend les colonnes montantes (refoulement, distribution, trop plein-vidange) galvanisées à chaud, le flotteur de 1er choix, | C74: u
A75: 6.3.3 | B75: Construction et équipement d'un regard pour le by-pass (2 vannes DN 80 et 1 vanne DN 150, 1 compteur volumétrique DN 100, un filtre à tamis DN 150, 1 canne à injection) | C75: u
A76: 6.3.4 | B76: Construction d'une clôture en parpaing pour le chateau d'eau de dimensions (Lxlxh) 20mx20mx2m avec une longrine et des poteaux espacés de 3m. Un couronnement (chaperon de mur) en béton-armé de largeur 10 cm sur tout le périmètre avec un portail à 2 battants 4mx2m à ouverture vers l'intérieur de la clôture y compris crépissage tyrolienne à l'extérieur et peinture à l'intérieur. La couleur de la peinture sera definie par le Maitre d'Ouvrage | C76: u
A77: 6.3.5 | B77: Construction d'un local de 2mx2mx2,5m pour les équipements électriques, électromécaniques (inverseur, coffret de commande, coffret de démarrage) et de traitement (bac à chlore, agitateur, pompe doseuse). une paillasse pour les contrôles sera construite avec un robinet installé au dessus de l'évier. Il sera équipé d'un portillon métallique y compris cadenas de fermeture | C77: u
A78: 6.3.6 | B78: Fourniture et pose des équipements de traitement de l'eau Bac à chlore de 250 litres Agitateur d'hypochlorite (L arbre=1250; Dmob=128; Pmot=0,75) Pompe doseuse de 0-15l/h à 4 bars Canne à injection | C78: Ens
A79: 6.3.7 | B79: Réalisation d'un puits perdu de 1mx1mx1,5m en parpaings 15 taloché et enduit avec une dalle amovible pour la vidange du CE à l'extérieur de la clôture si nécessaire | C79: u
A80: 6.3.8 | B80: Réalisation d'un regard de vidange de 1mx1mx0,5m en parpaings 15 taloché et enduit avec une dalle amovible à l'intérieur de la clôture | C80: u
A81: 6.3.9 | B81: Décontamination systématique des installations à la fin de l’ensemble des travaux | C81: u
A82: 7 | B82: Champ solaire
A83: 7.1 | B83: Construction d’un champ solaire de 22kW avec des panneaux surmontés sur une ossature en acier galvanisé dont les piètements sont en cornière 60x60x6 à 2,50m de hauteur y compris des batteries en lithium-ion de 24V (capacité globale: 5 000Ah), 48V (capacité globale: 2 500 Ah), 51,2V (capacité globale: 2 500Ah), Onduleur/regulateur: MPPT, disjoncteur compact, cables, support des batteries et tous les elements necessaires à son fonctionnement. | C83: u
A84: 7.2 | B84: Construction d’un champ solaire de 22kW avec des panneaux surmontés sur une ossature en acier galvanisé dont les piètements sont en cornière 60x60x6 à 2,50m de hauteur y compris des batteries en lithium-ion de 24V (capacité globale: 5 000Ah), 48V (capacité globale: 2 500 Ah), 51,2V (capacité globale: 2 500Ah), Onduleur/regulateur: MPPT, disjoncteur compact, cables, support des batteries et tous les elements necessaires à son fonctionnement. | C84: u
A85: 7.3 | B85: Construction d'une clôture grillagée du champ solaire de 15mx15mx2m minimum avec un portail de 1,5mx2m. Il sera muni d'un système d'alarme sonore. Les panneaux seront intimement fixés au receptacle par des rivets inviolables | C85: u
A86: 7.4 | B86: Fourniture et pose de potence supportant des asperseurs haut débit pour le nettoyage des panneaux solaires | C86: ens
A87: 7.5 | B87: Construction d’un champ solaire de 2kW avec des panneaux surmontés sur une ossature en acier galvanisé dont les piètements sont en cornière 60x60x6 y compris des batteries en lithium-ion de 24V (capacité globale: 80Ah), 48V (capacité globale: 60 Ah), 51,2V (capacité globale: 60Ah), Onduleur/regulateur: MPPT, disjoncteur compact, cables, support des batteries et tous les élements nécessaires au fonctionnement de la pompe doseuse et de l'agitateur. Il sera implanté dans la cour du château d'eau | C87: u
A88: 7.6 | B88: Fourniture et installation de lampes solaires autonomes de puissance minimale 300 W sur poteaux métalliques pour éclairage des sites du château, des bornes fontaines et du Forage | C88: u
A89: 8 | B89: Communication, Dossier Technique et Formation
A90: 8.1 | B90: Fourniture et pose de panneau de chantier suivant le modèle établi par le Maitre d'œuvre et validé par le Maitre d'Ouvrage et l'Autorité Contractante | C90: u
A91: 8.2 | B91: Fourniture et pose de visibilité (plaque en plexiglass) sur la clôture du forage, du château d'eau et des Bornes fontaines suivant le modèle établi par le Maitre d'œuvre et validé par le Maitre d'Ouvrage et l'Autorité Contractante | C91: u
A92: 8.3 | B92: Fourniture de smartphones avec du crédit de communication sur toute la durée du projet | C92: u
A93: 8.4 | B93: Documents de récolement incluant les différents plans d'installation des ouvrages (forages, châteaux d'eau, réseau de refoulement, réseau de distribution, pièces spéciales, etc.), PV (essais de pression, essais généraux, essai de fonctionnement, etc.). Les profils en long finaux des refoulements | C93: Fft
A94: 8.5 | B94: Formation de 3 utilisateurs (Comité de Gestion) à la maintenance courante et à la maitrise de la gestion du système (Faire une formation théorique et phase pratique) y compris un manuel d'entretien (schéma électrique, démontage et remontage du système simplifié de traitement de l'eau, etc.) | C94: Fft

Sheet DQE_Lot-02_Centre 2
A1: N° | B1: Désignations | C1: Unités | D1: Quantités | E1: Prix Unit. | F1: Prix Partiel F.CFA | G1: Prix Total F.CFA
A2: ='BPU_Lot-02_Centre 2'!A2 -> 1 | B2: ='BPU_Lot-02_Centre 2'!B2 -> Mobilisation, installation de chantier, Forfaits généraux | C2: ='BPU_Lot-02_Centre 2'!C2 -> 0 | G2: =SUM(F3:F6) -> 0
A3: ='BPU_Lot-02_Centre 2'!A3 -> 1.1 | B3: ='BPU_Lot-02_Centre 2'!B3 -> Mobilisation, installation et repli du chantier | C3: ='BPU_Lot-02_Centre 2'!C3 -> u | D3: 1 | E3: ='BPU_Lot-02_Centre 2'!D3 -> 0 | F3: =E3*D3 -> 0
A4: ='BPU_Lot-02_Centre 2'!A4 -> 1.2 | B4: ='BPU_Lot-02_Centre 2'!B4 -> Implantation topographique du réseau | C4: ='BPU_Lot-02_Centre 2'!C4 -> u | D4: 1 | E4: ='BPU_Lot-02_Centre 2'!D4 -> 0 | F4: =E4*D4 -> 0
A5: ='BPU_Lot-02_Centre 2'!A5 -> 1.3 | B5: ='BPU_Lot-02_Centre 2'!B5 -> Etudes et plans d'exécution (Etudes géotechniques + Notes de calculs des descentes de charge et du support métallique + Divers plans d'exécution) | C5: ='BPU_Lot-02_Centre 2'!C5 -> u | D5: 1 | E5: ='BPU_Lot-02_Centre 2'!D5 -> 0 | F5: =E5*D5 -> 0
A6: ='BPU_Lot-02_Centre 2'!A6 -> 1.4 | B6: ='BPU_Lot-02_Centre 2'!B6 -> Essai de fonctionnement général des réseaux | C6: ='BPU_Lot-02_Centre 2'!C6 -> u | D6: 1 | E6: ='BPU_Lot-02_Centre 2'!D6 -> 0 | F6: =E6*D6 -> 0
A7: ='BPU_Lot-02_Centre 2'!A7 -> 2 | B7: ='BPU_Lot-02_Centre 2'!B7 -> Forage | G7: =SUM(F8:F23) -> 0
A8: ='BPU_Lot-02_Centre 2'!A8 -> 2.1 | B8: ='BPU_Lot-02_Centre 2'!B8 -> Implantation géophysique de trois (03) points de foration | C8: ='BPU_Lot-02_Centre 2'!C8 -> u | D8: 2 | E8: ='BPU_Lot-02_Centre 2'!D8 -> 0 | F8: =E8*D8 -> 0
A9: ='BPU_Lot-02_Centre 2'!A9 -> 2.2 | B9: ='BPU_Lot-02_Centre 2'!B9 -> Réalisation de forages positifs en milieu de socle jusqu’à 150 m de profondeur équipé en PVC-forage de 6 pouces crépinés au droit des arrivées d'eau et pleins aux droits des zones stériles | C9: ='BPU_Lot-02_Centre 2'!C9 -> u | D9: =D8 -> 2 | E9: ='BPU_Lot-02_Centre 2'!D9 -> 0 | F9: =E9*D9 -> 0
A10: ='BPU_Lot-02_Centre 2'!A10 -> 2.3 | B10: ='BPU_Lot-02_Centre 2'!B10 -> Rémunération de forages déclarés négatifs pour insuffisance de débit | C10: ='BPU_Lot-02_Centre 2'!C10 -> u | D10: PM | E10: ='BPU_Lot-02_Centre 2'!D10 -> 0
A11: ='BPU_Lot-02_Centre 2'!A11 -> 2.4 | B11: ='BPU_Lot-02_Centre 2'!B11 -> Analyses physico-chimiques, bactériologiques et des métaux lourds de l’eau des forages | C11: ='BPU_Lot-02_Centre 2'!C11 -> u | D11: =D9 -> 2 | E11: ='BPU_Lot-02_Centre 2'!D11 -> 0 | F11: =E11*D11 -> 0
A12: ='BPU_Lot-02_Centre 2'!A12 -> 2.5 | B12: ='BPU_Lot-02_Centre 2'!B12 -> Réalisation d'une piste d'ccès de 6m de large depuis la voie principale | C12: ='BPU_Lot-02_Centre 2'!C12 -> u | D12: =D9 -> 2 | E12: ='BPU_Lot-02_Centre 2'!D12 -> 0 | F12: =E12*D12 -> 0
A13: ='BPU_Lot-02_Centre 2'!A13 -> 2.6 | B13: ='BPU_Lot-02_Centre 2'!B13 -> Défrichement, abattage et dessouchage d'arbre, nivellement de la concession | C13: ='BPU_Lot-02_Centre 2'!C13 -> u | D13: =D9 -> 2 | E13: ='BPU_Lot-02_Centre 2'!D13 -> 0 | F13: =E13*D13 -> 0
A14: ='BPU_Lot-02_Centre 2'!A14 -> 2.7 | B14: ='BPU_Lot-02_Centre 2'!B14 -> Construction d'une clôture en parpaing pour le forage de dimensions (Lxlxh) 10mx10mx2m au minimum avec une longrine et des poteaux espacés de 3m. Un couronnement (chaperon de mur) en béton-armé de largeur 10 cm sur tout le périmètre avec un portail à 2 battants 3mx1,4m à ouverture vers l'intérieur de la clôture y compris crépissage tyrolienne à l'extérieur et peinture à l'intérieur. Une niche avec porte grille métallique pour les équipements électriques, électromécaniques (inverseur, coffret de commande, coffret de démarrage). Epandage du gravier concassé sur toute la surface intérieure de la clôture. | C14: ='BPU_Lot-02_Centre 2'!C14 -> u | D14: =D9 -> 2 | E14: ='BPU_Lot-02_Centre 2'!D14 -> 0 | F14: =E14*D14 -> 0
A15: ='BPU_Lot-02_Centre 2'!A15 -> 2.8 | B15: ='BPU_Lot-02_Centre 2'!B15 -> Construction de la nouvelle margelle incluant toute la longueur du manifold et pose de la tête de forage en inox DN 200 | C15: ='BPU_Lot-02_Centre 2'!C15 -> u | D15: =D9 -> 2 | E15: ='BPU_Lot-02_Centre 2'!D15 -> 0 | F15: =E15*D15 -> 0
A16: ='BPU_Lot-02_Centre 2'!A16 -> 2.9 | B16: ='BPU_Lot-02_Centre 2'!B16 -> Fourniture et pose d'une colonne d'exhaure en matériaux flexible de type foraduc ou boreline | C16: ='BPU_Lot-02_Centre 2'!C16 -> u | D16: =D9 -> 2 | E16: ='BPU_Lot-02_Centre 2'!D16 -> 0 | F16: =E16*D16 -> 0
A17: ='BPU_Lot-02_Centre 2'!A17 -> 2.10 | B17: ='BPU_Lot-02_Centre 2'!B17 -> Fourniture et pose d'une pompe immergée hybride AC/DC de 10 m3/h de 130 à 140m de HMT, colonne d'exhaure, boite de jonction, câbles d'alimentation électriques et accessoires | C17: ='BPU_Lot-02_Centre 2'!C17 -> u | D17: 2 | E17: ='BPU_Lot-02_Centre 2'!D17 -> 0 | F17: =E17*D17 -> 0
A18: ='BPU_Lot-02_Centre 2'!A18 -> 2.11 | B18: ='BPU_Lot-02_Centre 2'!B18 -> Manifold complet en fonte ou en inox comprenant une ventouse, un clapet anti-retour, un filtre à tamis, un pressostat télémécanique, un manomètre à bain d'huile, une vannette de prise en laiton, un compteur volumétrique (DN 25-40), fileté, avec cadran sec et humide et une vanne de régulation à opercule. L'ensemble des pièces intermédiaires doit être en fonte ductile ou en inox, | C18: ='BPU_Lot-02_Centre 2'!C18 -> u | D18: 2 | E18: ='BPU_Lot-02_Centre 2'!D18 -> 0 | F18: =E18*D18 -> 0
A19: ='BPU_Lot-02_Centre 2'!A19 -> 2.12 | B19: ='BPU_Lot-02_Centre 2'!B19 -> Fournitur et pose d'un anti-belier de 100 litres avec une pression comprise entre 10 et 15 bars | C19: ='BPU_Lot-02_Centre 2'!C19 -> u | D19: 2 | E19: ='BPU_Lot-02_Centre 2'!D19 -> 0 | F19: =E19*D19 -> 0
A20: ='BPU_Lot-02_Centre 2'!A20 -> 2.13 | B20: ='BPU_Lot-02_Centre 2'!B20 -> Fourniture et pose d'un coffret de commande de type Hybride DC/AC ou similaire et d'un coffret de démarrage avec système de régulation automatique y/c électrodes et câbles unifilaires de protection ainsi que les câbles d’alimentation sous-fourreau ou gaine du coffret à la tête de forage, d'une protection contre la foudre et d'une prise de terre complet. | C20: ='BPU_Lot-02_Centre 2'!C20 -> u | D20: 2 | E20: ='BPU_Lot-02_Centre 2'!D20 -> 0 | F20: =E20*D20 -> 0
A21: ='BPU_Lot-02_Centre 2'!A21 -> 2.14 | B21: ='BPU_Lot-02_Centre 2'!B21 -> Construction d'une ligne de moyenne tension de 0 à 1000m | C21: ='BPU_Lot-02_Centre 2'!C21 -> Fft | D21: =D9 -> 2 | E21: ='BPU_Lot-02_Centre 2'!D21 -> 0 | F21: =E21*D21 -> 0
A22: ='BPU_Lot-02_Centre 2'!A22 -> 2.15 | B22: ='BPU_Lot-02_Centre 2'!B22 -> Branchement et abonnement pour une compteur CIE | C22: ='BPU_Lot-02_Centre 2'!C22 -> Fft | D22: =D21 -> 2 | E22: ='BPU_Lot-02_Centre 2'!D22 -> 0 | F22: =E22*D22 -> 0
A23: ='BPU_Lot-02_Centre 2'!A23 -> 2.16 | B23: ='BPU_Lot-02_Centre 2'!B23 -> Fourniture d'une sonde lumineuse et sonore | C23: ='BPU_Lot-02_Centre 2'!C23 -> u | D23: 1 | E23: ='BPU_Lot-02_Centre 2'!D23 -> 0 | F23: =E23*D23 -> 0
A24: ='BPU_Lot-02_Centre 2'!A24 -> 3 | B24: ='BPU_Lot-02_Centre 2'!B24 -> Conduite de refoulement PN 16 | G24: =SUM(F25:F33) -> 0
A25: ='BPU_Lot-02_Centre 2'!A25 -> 3.1 | B25: ='BPU_Lot-02_Centre 2'!B25 -> Fouille en terrain tendre | C25: ='BPU_Lot-02_Centre 2'!C25 -> ml | D25: =D28+D29 -> 1635 | E25: ='BPU_Lot-02_Centre 2'!D25 -> 0 | F25: =E25*D25 -> 0
A26: ='BPU_Lot-02_Centre 2'!A26 -> 3.2 | B26: ='BPU_Lot-02_Centre 2'!B26 -> Grillage avertisseur | C26: ='BPU_Lot-02_Centre 2'!C26 -> ml | D26: =D25 -> 1635 | E26: ='BPU_Lot-02_Centre 2'!D26 -> 0 | F26: =E26*D26 -> 0
A27: ='BPU_Lot-02_Centre 2'!A27 -> 3.3 | B27: ='BPU_Lot-02_Centre 2'!B27 -> Plus-Value carapace latéritique | C27: ='BPU_Lot-02_Centre 2'!C27 -> m3 | D27: =D25*10% -> 163.5 | E27: ='BPU_Lot-02_Centre 2'!D27 -> 0 | F27: =E27*D27 -> 0
A28: ='BPU_Lot-02_Centre 2'!A28 -> 3.4 | B28: ='BPU_Lot-02_Centre 2'!B28 -> PEHD diam. 53/63 y/c té, bouchons et coudes en PEHD | C28: ='BPU_Lot-02_Centre 2'!C28 -> ml | E28: ='BPU_Lot-02_Centre 2'!D28 -> 0 | F28: =E28*D28 -> 0
A29: ='BPU_Lot-02_Centre 2'!A29 -> 3.5 | B29: ='BPU_Lot-02_Centre 2'!B29 -> PEHD diam. 76,8/90 y/c té, bouchons et coudes en PEHD | C29: ='BPU_Lot-02_Centre 2'!C29 -> ml | D29: 1635 | E29: ='BPU_Lot-02_Centre 2'!D29 -> 0 | F29: =E29*D29 -> 0
A30: ='BPU_Lot-02_Centre 2'!A30 -> 3.6 | B30: ='BPU_Lot-02_Centre 2'!B30 -> Fourniture et pose d'une vidange sous BAC sur le refoulement y/c toutes sujétions | C30: ='BPU_Lot-02_Centre 2'!C30 -> u | D30: =D9 -> 2 | E30: ='BPU_Lot-02_Centre 2'!D30 -> 0 | F30: =E30*D30 -> 0
A31: ='BPU_Lot-02_Centre 2'!A31 -> 3.7 | B31: ='BPU_Lot-02_Centre 2'!B31 -> Fourniture et pose de fourreau 160 | C31: ='BPU_Lot-02_Centre 2'!C31 -> ml | D31: 100 | E31: ='BPU_Lot-02_Centre 2'!D31 -> 0 | F31: =E31*D31 -> 0
A32: ='BPU_Lot-02_Centre 2'!A32 -> 3.8 | B32: ='BPU_Lot-02_Centre 2'!B32 -> Balise de repérage | C32: ='BPU_Lot-02_Centre 2'!C32 -> u | D32: =D29/75 -> 21.8 | E32: ='BPU_Lot-02_Centre 2'!D32 -> 0 | F32: =E32*D32 -> 0
A33: ='BPU_Lot-02_Centre 2'!A33 -> 3.9 | B33: ='BPU_Lot-02_Centre 2'!B33 -> Essai de pression sur le réseau de distribution | C33: ='BPU_Lot-02_Centre 2'!C33 -> ml | D33: =D25/10 -> 163.5 | E33: ='BPU_Lot-02_Centre 2'!D33 -> 0 | F33: =E33*D33 -> 0
A34: ='BPU_Lot-02_Centre 2'!A34 -> 4 | B34: ='BPU_Lot-02_Centre 2'!B34 -> Réseau de distribution PN 10 | G34: =SUM(F35:F62) -> 0
A35: ='BPU_Lot-02_Centre 2'!A35 -> 4.1 | B35: ='BPU_Lot-02_Centre 2'!B35 -> Fouille en terrain tendre | C35: ='BPU_Lot-02_Centre 2'!C35 -> ml | D35: =D39+D40+D41+D42+D43 -> 7698 | E35: ='BPU_Lot-02_Centre 2'!D35 -> 0 | F35: =E35*D35 -> 0
A36: ='BPU_Lot-02_Centre 2'!A36 -> 4.2 | B36: ='BPU_Lot-02_Centre 2'!B36 -> Grillage avertisseur | C36: ='BPU_Lot-02_Centre 2'!C36 -> ml | D36: =D35 -> 7698 | E36: ='BPU_Lot-02_Centre 2'!D36 -> 0 | F36: =E36*D36 -> 0
A37: ='BPU_Lot-02_Centre 2'!A37 -> 4.3 | B37: ='BPU_Lot-02_Centre 2'!B37 -> Plus-Value carapace latéritique | C37: ='BPU_Lot-02_Centre 2'!C37 -> m3 | D37: =D35*30% -> 2309.4 | E37: ='BPU_Lot-02_Centre 2'!D37 -> 0 | F37: =E37*D37 -> 0
A38: ='BPU_Lot-02_Centre 2'!A38 -> 4.4 | B38: ='BPU_Lot-02_Centre 2'!B38 -> PPR diam. 21/25 y/c té et coudes en PPR | C38: ='BPU_Lot-02_Centre 2'!C38 -> ml | D38: 100 | E38: ='BPU_Lot-02_Centre 2'!D38 -> 0 | F38: =E38*D38 -> 0
A39: ='BPU_Lot-02_Centre 2'!A39 -> 4.5 | B39: ='BPU_Lot-02_Centre 2'!B39 -> PEHD diam. 33,6/40 y/c té, bouchons et coudes en PEHD pour la connexion du points d'eau de l'école primaire et le raccordement des BF | C39: ='BPU_Lot-02_Centre 2'!C39 -> ml | D39: =(7*100)+(15*6) -> 790 | E39: ='BPU_Lot-02_Centre 2'!D39 -> 0 | F39: =E39*D39 -> 0
A40: ='BPU_Lot-02_Centre 2'!A40 -> 4.6 | B40: ='BPU_Lot-02_Centre 2'!B40 -> PEHD DN 63 (63x3.8) y/c té, bouchons et coudes en PEHD | C40: ='BPU_Lot-02_Centre 2'!C40 -> ml | D40: 5020 | E40: ='BPU_Lot-02_Centre 2'!D40 -> 0 | F40: =E40*D40 -> 0
A41: ='BPU_Lot-02_Centre 2'!A41 -> 4.7 | B41: ='BPU_Lot-02_Centre 2'!B41 -> PEHD DN 90 (90x5.4) y/c té, bouchons et coudes en PEHD | C41: ='BPU_Lot-02_Centre 2'!C41 -> ml | D41: 500 | E41: ='BPU_Lot-02_Centre 2'!D41 -> 0 | F41: =E41*D41 -> 0
A42: ='BPU_Lot-02_Centre 2'!A42 -> 4.8 | B42: ='BPU_Lot-02_Centre 2'!B42 -> PEHD DN 110 (110x6.6) y/c té, bouchons et coudes en PEHD | C42: ='BPU_Lot-02_Centre 2'!C42 -> ml | D42: 1000 | E42: ='BPU_Lot-02_Centre 2'!D42 -> 0 | F42: =E42*D42 -> 0
A43: ='BPU_Lot-02_Centre 2'!A43 -> 4.9 | B43: ='BPU_Lot-02_Centre 2'!B43 -> PEHD DN 160 (160x9.5) y/c té, bouchons et coudes en PEHD | C43: ='BPU_Lot-02_Centre 2'!C43 -> ml | D43: 388 | E43: ='BPU_Lot-02_Centre 2'!D43 -> 0 | F43: =E43*D43 -> 0
A44: ='BPU_Lot-02_Centre 2'!A44 -> 4.10 | B44: ='BPU_Lot-02_Centre 2'!B44 -> Fourniture et pose de vanne de sectionnement DN 60 y/c brides en fonte, joints d'étanchéité et boulons sous BAC | C44: ='BPU_Lot-02_Centre 2'!C44 -> u | D44: 6 | E44: ='BPU_Lot-02_Centre 2'!D44 -> 0 | F44: =E44*D44 -> 0
A45: ='BPU_Lot-02_Centre 2'!A45 -> 4.11 | B45: ='BPU_Lot-02_Centre 2'!B45 -> Fourniture et pose de vanne de sectionnement DN 80 y/c brides en fonte, joints d'étanchéité et boulons sous BAC | C45: ='BPU_Lot-02_Centre 2'!C45 -> u | D45: 2 | E45: ='BPU_Lot-02_Centre 2'!D45 -> 0 | F45: =E45*D45 -> 0
A46: ='BPU_Lot-02_Centre 2'!A46 -> 4.12 | B46: ='BPU_Lot-02_Centre 2'!B46 -> Fourniture et pose de vanne de sectionnement DN 100 y/c brides en fonte, joints d'étanchéité et boulons sous BAC | C46: ='BPU_Lot-02_Centre 2'!C46 -> u | D46: 1 | E46: ='BPU_Lot-02_Centre 2'!D46 -> 0 | F46: =E46*D46 -> 0
A47: ='BPU_Lot-02_Centre 2'!A47 -> 0 | B47: ='BPU_Lot-02_Centre 2'!B47 -> Fourniture et pose de vanne de sectionnement DN 100 y/c brides en fonte, joints d'étanchéité et boulons sous regard | C47: ='BPU_Lot-02_Centre 2'!C47 -> u | D47: 1 | E47: ='BPU_Lot-02_Centre 2'!D47 -> 0 | F47: =E47*D47 -> 0
A48: ='BPU_Lot-02_Centre 2'!A48 -> 4.13 | B48: ='BPU_Lot-02_Centre 2'!B48 -> Fourniture et pose de vanne de sectionnement DN 150 y/c brides en fonte, joints d'étanchéité et boulons sous regard | C48: ='BPU_Lot-02_Centre 2'!C48 -> 0 | E48: ='BPU_Lot-02_Centre 2'!D48 -> 0 | F48: =E48*D48 -> 0
A49: ='BPU_Lot-02_Centre 2'!A49 -> 4.14 | B49: ='BPU_Lot-02_Centre 2'!B49 -> Fourniture et pose d’une bouche à clé (BAC) pour commande des vannes | C49: ='BPU_Lot-02_Centre 2'!C49 -> u | D49: =D44+D45+D46 -> 9 | E49: ='BPU_Lot-02_Centre 2'!D49 -> 0 | F49: =E49*D49 -> 0
A50: ='BPU_Lot-02_Centre 2'!A50 -> 4.15 | B50: ='BPU_Lot-02_Centre 2'!B50 -> Construction de regard en béton armé de 1mx1mx1m avec dalle amovible pour vannes de sectionnement | C50: ='BPU_Lot-02_Centre 2'!C50 -> u | D50: =D46 -> 1 | E50: ='BPU_Lot-02_Centre 2'!D50 -> 0 | F50: =E50*D50 -> 0
A51: ='BPU_Lot-02_Centre 2'!A51 -> 4.16 | B51: ='BPU_Lot-02_Centre 2'!B51 -> Fourniture et pose de fourreau 100 | C51: ='BPU_Lot-02_Centre 2'!C51 -> ml | D51: 150 | E51: ='BPU_Lot-02_Centre 2'!D51 -> 0 | F51: =E51*D51 -> 0
A52: ='BPU_Lot-02_Centre 2'!A52 -> 4.17 | B52: ='BPU_Lot-02_Centre 2'!B52 -> Fourniture et pose de fourreau 160 | C52: ='BPU_Lot-02_Centre 2'!C52 -> ml | D52: 150 | E52: ='BPU_Lot-02_Centre 2'!D52 -> 0 | F52: =E52*D52 -> 0
A53: ='BPU_Lot-02_Centre 2'!A53 -> 4.18 | B53: ='BPU_Lot-02_Centre 2'!B53 -> Fourniture d’une clé en croix pour bouche à clé | C53: ='BPU_Lot-02_Centre 2'!C53 -> u | D53: 1 | E53: ='BPU_Lot-02_Centre 2'!D53 -> 0 | F53: =E53*D53 -> 0
A54: ='BPU_Lot-02_Centre 2'!A54 -> 4.19 | B54: ='BPU_Lot-02_Centre 2'!B54 -> Vidange du réseau DN 63 sous BAC | C54: ='BPU_Lot-02_Centre 2'!C54 -> u | D54: 5 | E54: ='BPU_Lot-02_Centre 2'!D54 -> 0 | F54: =E54*D54 -> 0
A55: ='BPU_Lot-02_Centre 2'!A55 -> 4.20 | B55: ='BPU_Lot-02_Centre 2'!B55 -> Vidange du réseau DN 90 sous regard sous regard en béton armé de 1mx1mx1m avec dalle amovible | C55: ='BPU_Lot-02_Centre 2'!C55 -> u | D55: 5 | E55: ='BPU_Lot-02_Centre 2'!D55 -> 0 | F55: =E55*D55 -> 0
A56: ='BPU_Lot-02_Centre 2'!A56 -> 4.21 | B56: ='BPU_Lot-02_Centre 2'!B56 -> Vidange du réseau DN 110 sous regard sous regard en béton armé de 1mx1mx1m avec dalle amovible | C56: ='BPU_Lot-02_Centre 2'!C56 -> u | D56: 1 | E56: ='BPU_Lot-02_Centre 2'!D56 -> 0 | F56: =E56*D56 -> 0
A57: ='BPU_Lot-02_Centre 2'!A57 -> 4.22 | B57: ='BPU_Lot-02_Centre 2'!B57 -> Fourniture et pose de ventouses sous regard en béton armé de 1mx1mx1m avec dalle amovible | C57: ='BPU_Lot-02_Centre 2'!C57 -> u | D57: 1 | E57: ='BPU_Lot-02_Centre 2'!D57 -> 0 | F57: =E57*D57 -> 0
A58: ='BPU_Lot-02_Centre 2'!A58 -> 4.23 | B58: ='BPU_Lot-02_Centre 2'!B58 -> Confection et mise en œuvre du béton à 250 kg pour butées | C58: ='BPU_Lot-02_Centre 2'!C58 -> m3 | D58: 2 | E58: ='BPU_Lot-02_Centre 2'!D58 -> 0 | F58: =E58*D58 -> 0
A59: ='BPU_Lot-02_Centre 2'!A59 -> 4.24 | B59: ='BPU_Lot-02_Centre 2'!B59 -> Balise de repérage | C59: ='BPU_Lot-02_Centre 2'!C59 -> u | E59: ='BPU_Lot-02_Centre 2'!D59 -> 0 | F59: =E59*D59 -> 0
A60: ='BPU_Lot-02_Centre 2'!A60 -> 4.25 | B60: ='BPU_Lot-02_Centre 2'!B60 -> Borne de repérage | C60: ='BPU_Lot-02_Centre 2'!C60 -> u | D60: 40 | E60: ='BPU_Lot-02_Centre 2'!D60 -> 0 | F60: =E60*D60 -> 0
A61: ='BPU_Lot-02_Centre 2'!A61 -> 4.26 | B61: ='BPU_Lot-02_Centre 2'!B61 -> Fourniture d'un lot de pièces de rechange (robinets à boisseau, vanne de sectionnement, etc.) | C61: ='BPU_Lot-02_Centre 2'!C61 -> u | D61: 1 | E61: ='BPU_Lot-02_Centre 2'!D61 -> 0 | F61: =E61*D61 -> 0
A62: ='BPU_Lot-02_Centre 2'!A62 -> 4.27 | B62: ='BPU_Lot-02_Centre 2'!B62 -> Essai de pression sur le réseau de distribution | C62: ='BPU_Lot-02_Centre 2'!C62 -> ml | D62: =(D40+D41+D42+D43)/10 -> 690.8 | E62: ='BPU_Lot-02_Centre 2'!D62 -> 0 | F62: =E62*D62 -> 0
A63: ='BPU_Lot-02_Centre 2'!A63 -> 5 | B63: ='BPU_Lot-02_Centre 2'!B63 -> Borne-Fontaine | C63: ='BPU_Lot-02_Centre 2'!C63 -> u | G63: =SUM(F64:F68) -> 0
A64: ='BPU_Lot-02_Centre 2'!A64 -> 5.1 | B64: ='BPU_Lot-02_Centre 2'!B64 -> Construction et équipement d'une borne fontaine à 4 robinets de puisage, avec la clôture 5,30mx5,30mx1,5m en parpaings 15 taloché, enduit et peint, 2 portillons y compris le collier de prise, compteur, la vanne Ø60 et la BAC pour la connexion sur la distribution | C64: ='BPU_Lot-02_Centre 2'!C64 -> u | D64: 6 | E64: ='BPU_Lot-02_Centre 2'!D64 -> 0 | F64: =E64*D64 -> 0
A65: ='BPU_Lot-02_Centre 2'!A65 -> 5.2 | B65: ='BPU_Lot-02_Centre 2'!B65 -> Réalisation d'un puits perdu de 1mx1mx1,5m en parpaings 15 taloché et enduit avec une dalle amovible en béton armé pour les eaux perdues | C65: ='BPU_Lot-02_Centre 2'!C65 -> u | D65: =D64 -> 6 | E65: ='BPU_Lot-02_Centre 2'!D65 -> 0 | F65: =E65*D65 -> 0
A66: ='BPU_Lot-02_Centre 2'!A66 -> 5.3 | B66: ='BPU_Lot-02_Centre 2'!B66 -> Construction d'un muret en maçonnerie en parpaing 15 de dimensions L=2,00m x h=1,20m) avec carreaux grès-cérame sur les 2 façades, 04 Robinets de type à boisseau de 1er choix sur chaque façade, réalisation d'un bac receptacle en maçonnerie sur chaque façade au pied du muret de dimension 2,00m x 0,30m m et de profondeur 0,50m muni d'un siphon de sol diamètre 120 pour l'évacuation des EU vers le puits perdu y/c la connexion avec fourniture et pose d'un compteur DN20 sous regard recouvert d'une fermeture en tôle strié et d'un puits perdu dans les etblissements primaires, secondaires et professionnelles | C66: ='BPU_Lot-02_Centre 2'!C66 -> u | D66: 4 | E66: ='BPU_Lot-02_Centre 2'!D66 -> 0 | F66: =E66*D66 -> 0
A67: ='BPU_Lot-02_Centre 2'!A67 -> 5.4 | B67: ='BPU_Lot-02_Centre 2'!B67 -> Connexion des bâtiments du centre de santé avec fourniture et installation des équipements et raccordement au compteur du point d'eau sous regard recouvert d'une fermeture en tôle strié y/c Travaux de remise en état des équipements sanitaires et robinetterie (remplacement de robinets défectueux, conduites d'évacuation, détachage, nettoyage et lavage des sanitaires existants). | C67: ='BPU_Lot-02_Centre 2'!C67 -> u | D67: 1 | E67: ='BPU_Lot-02_Centre 2'!D67 -> 0 | F67: =E67*D67 -> 0
A68: ='BPU_Lot-02_Centre 2'!A68 -> 5.5 | B68: ='BPU_Lot-02_Centre 2'!B68 -> Connexion du bâtiment de la brigarde de gendarmerie avec fourniture et installation des équipements et raccordement au compteur du point d'eau sous regard recouvert d'une fermeture en tôle strié y/c Travaux de remise en état des équipements sanitaires et robinetterie (remplacement de robinets défectueux, conduites d'évacuation, détachage, nettoyage et lavage des sanitaires existants). | C68: ='BPU_Lot-02_Centre 2'!C68 -> u | D68: 1 | E68: ='BPU_Lot-02_Centre 2'!D68 -> 0 | F68: =E68*D68 -> 0
A69: ='BPU_Lot-02_Centre 2'!A69 -> 6 | B69: ='BPU_Lot-02_Centre 2'!B69 -> Château d'Eau de 15 m de haut | C69: ='BPU_Lot-02_Centre 2'!C69 -> 0 | G69: =SUM(F70:F81) -> 0
A70: ='BPU_Lot-02_Centre 2'!A70 -> 6.1 | B70: ='BPU_Lot-02_Centre 2'!B70 -> Réalisation d'une piste d'ccès de 6m de large depuis la voie principale | C70: ='BPU_Lot-02_Centre 2'!C70 -> u | D70: 1 | E70: ='BPU_Lot-02_Centre 2'!D70 -> 0 | F70: =E70*D70 -> 0
A71: ='BPU_Lot-02_Centre 2'!A71 -> 6.2 | B71: ='BPU_Lot-02_Centre 2'!B71 -> Défrichement, Abattage d'arbre, dessouchage, nivellement de la concession | C71: ='BPU_Lot-02_Centre 2'!C71 -> u | D71: 1 | E71: ='BPU_Lot-02_Centre 2'!D71 -> 0 | F71: =E71*D71 -> 0
A72: ='BPU_Lot-02_Centre 2'!A72 -> 6.3 | B72: ='BPU_Lot-02_Centre 2'!B72 -> Cinstruction d'un réservoir | C72: ='BPU_Lot-02_Centre 2'!C72 -> 0
A73: ='BPU_Lot-02_Centre 2'!A73 -> 6.3.1 | B73: Construction et équipement d'un château d'eau de 50 m3 en béton armé sur une tour de 15m de haut. L'équipement comprend les colonnes montantes (refoulement, distribution, trop plein-vidange) galvanisées à chaud, le flotteur de 1er choix, | C73: ='BPU_Lot-02_Centre 2'!C73 -> u | D73: PM | E73: ='BPU_Lot-02_Centre 2'!D73 -> 0
A74: ='BPU_Lot-02_Centre 2'!A74 -> 6.3.2 | B74: ='BPU_Lot-02_Centre 2'!B74 -> Construction et équipement d'un château d'eau de 100 m3 en béton armé sur une tour de 15m de haut. L'équipement comprend les colonnes montantes (refoulement, distribution, trop plein-vidange) galvanisées à chaud, le flotteur de 1er choix, | C74: ='BPU_Lot-02_Centre 2'!C74 -> u | D74: 1 | E74: ='BPU_Lot-02_Centre 2'!D74 -> 0 | F74: =E74*D74 -> 0
A75: ='BPU_Lot-02_Centre 2'!A75 -> 6.3.3 | B75: ='BPU_Lot-02_Centre 2'!B75 -> Construction et équipement d'un regard pour le by-pass (2 vannes DN 80 et 1 vanne DN 150, 1 compteur volumétrique DN 100, un filtre à tamis DN 150, 1 canne à injection) | C75: ='BPU_Lot-02_Centre 2'!C75 -> u | D75: 1 | E75: ='BPU_Lot-02_Centre 2'!D75 -> 0 | F75: =E75*D75 -> 0
A76: ='BPU_Lot-02_Centre 2'!A76 -> 6.3.4 | B76: ='BPU_Lot-02_Centre 2'!B76 -> Construction d'une clôture en parpaing pour le chateau d'eau de dimensions (Lxlxh) 20mx20mx2m avec une longrine et des poteaux espacés de 3m. Un couronnement (chaperon de mur) en béton-armé de largeur 10 cm sur tout le périmètre avec un portail à 2 battants 4mx2m à ouverture vers l'intérieur de la clôture y compris crépissage tyrolienne à l'extérieur et peinture à l'intérieur. La couleur de la peinture sera definie par le Maitre d'Ouvrage | C76: ='BPU_Lot-02_Centre 2'!C76 -> u | D76: 1 | E76: ='BPU_Lot-02_Centre 2'!D76 -> 0 | F76: =E76*D76 -> 0
A77: ='BPU_Lot-02_Centre 2'!A77 -> 6.3.5 | B77: ='BPU_Lot-02_Centre 2'!B77 -> Construction d'un local de 2mx2mx2,5m pour les équipements électriques, électromécaniques (inverseur, coffret de commande, coffret de démarrage) et de traitement (bac à chlore, agitateur, pompe doseuse). une paillasse pour les contrôles sera construite avec un robinet installé au dessus de l'évier. Il sera équipé d'un portillon métallique y compris cadenas de fermeture | C77: ='BPU_Lot-02_Centre 2'!C77 -> u | D77: 1 | E77: ='BPU_Lot-02_Centre 2'!D77 -> 0 | F77: =E77*D77 -> 0
A78: ='BPU_Lot-02_Centre 2'!A78 -> 6.3.6 | B78: ='BPU_Lot-02_Centre 2'!B78 -> Fourniture et pose des équipements de traitement de l'eau Bac à chlore de 250 litres Agitateur d'hypochlorite (L arbre=1250; Dmob=128; Pmot=0,75) Pompe doseuse de 0-15l/h à 4 bars Canne à injection | C78: ='BPU_Lot-02_Centre 2'!C78 -> Ens | D78: 1 | E78: ='BPU_Lot-02_Centre 2'!D78 -> 0 | F78: =E78*D78 -> 0
A79: ='BPU_Lot-02_Centre 2'!A79 -> 6.3.7 | B79: ='BPU_Lot-02_Centre 2'!B79 -> Réalisation d'un puits perdu de 1mx1mx1,5m en parpaings 15 taloché et enduit avec une dalle amovible pour la vidange du CE à l'extérieur de la clôture si nécessaire | C79: ='BPU_Lot-02_Centre 2'!C79 -> u | D79: 1 | E79: ='BPU_Lot-02_Centre 2'!D79 -> 0 | F79: =E79*D79 -> 0
A80: ='BPU_Lot-02_Centre 2'!A80 -> 6.3.8 | B80: ='BPU_Lot-02_Centre 2'!B80 -> Réalisation d'un regard de vidange de 1mx1mx0,5m en parpaings 15 taloché et enduit avec une dalle amovible à l'intérieur de la clôture | C80: ='BPU_Lot-02_Centre 2'!C80 -> u | D80: 1 | E80: ='BPU_Lot-02_Centre 2'!D80 -> 0 | F80: =E80*D80 -> 0
A81: ='BPU_Lot-02_Centre 2'!A81 -> 6.3.9 | B81: ='BPU_Lot-02_Centre 2'!B81 -> Décontamination systématique des installations à la fin de l’ensemble des travaux | C81: ='BPU_Lot-02_Centre 2'!C81 -> u | D81: 1 | E81: ='BPU_Lot-02_Centre 2'!D81 -> 0 | F81: =E81*D81 -> 0
A82: ='BPU_Lot-02_Centre 2'!A82 -> 7 | B82: ='BPU_Lot-02_Centre 2'!B82 -> Champ solaire | C82: ='BPU_Lot-02_Centre 2'!C82 -> 0 | G82: =SUM(F83:F88) -> 0
A83: ='BPU_Lot-02_Centre 2'!A83 -> 7.1 | B83: ='BPU_Lot-02_Centre 2'!B83 -> Construction d’un champ solaire de 22kW avec des panneaux surmontés sur une ossature en acier galvanisé dont les piètements sont en cornière 60x60x6 à 2,50m de hauteur y compris des batteries en lithium-ion de 24V (capacité globale: 5 000Ah), 48V (capacité globale: 2 500 Ah), 51,2V (capacité globale: 2 500Ah), Onduleur/regulateur: MPPT, disjoncteur compact, cables, support des batteries et tous les elements necessaires à son fonctionnement. | C83: ='BPU_Lot-02_Centre 2'!C83 -> u | D83: 1 | E83: ='BPU_Lot-02_Centre 2'!D83 -> 0 | F83: =E83*D83 -> 0
A84: ='BPU_Lot-02_Centre 2'!A84 -> 7.2 | B84: ='BPU_Lot-02_Centre 2'!B84 -> Construction d’un champ solaire de 22kW avec des panneaux surmontés sur une ossature en acier galvanisé dont les piètements sont en cornière 60x60x6 à 2,50m de hauteur y compris des batteries en lithium-ion de 24V (capacité globale: 5 000Ah), 48V (capacité globale: 2 500 Ah), 51,2V (capacité globale: 2 500Ah), Onduleur/regulateur: MPPT, disjoncteur compact, cables, support des batteries et tous les elements necessaires à son fonctionnement. | C84: ='BPU_Lot-02_Centre 2'!C84 -> u | D84: 1 | E84: ='BPU_Lot-02_Centre 2'!D84 -> 0 | F84: =E84*D84 -> 0
A85: ='BPU_Lot-02_Centre 2'!A85 -> 7.3 | B85: ='BPU_Lot-02_Centre 2'!B85 -> Construction d'une clôture grillagée du champ solaire de 15mx15mx2m minimum avec un portail de 1,5mx2m. Il sera muni d'un système d'alarme sonore. Les panneaux seront intimement fixés au receptacle par des rivets inviolables | C85: ='BPU_Lot-02_Centre 2'!C85 -> u | D85: 2 | E85: ='BPU_Lot-02_Centre 2'!D85 -> 0 | F85: =E85*D85 -> 0
A86: ='BPU_Lot-02_Centre 2'!A86 -> 7.4 | B86: ='BPU_Lot-02_Centre 2'!B86 -> Fourniture et pose de potence supportant des asperseurs haut débit pour le nettoyage des panneaux solaires | C86: ='BPU_Lot-02_Centre 2'!C86 -> ens | D86: 8 | E86: ='BPU_Lot-02_Centre 2'!D86 -> 0 | F86: =E86*D86 -> 0
A87: ='BPU_Lot-02_Centre 2'!A87 -> 7.5 | B87: ='BPU_Lot-02_Centre 2'!B87 -> Construction d’un champ solaire de 2kW avec des panneaux surmontés sur une ossature en acier galvanisé dont les piètements sont en cornière 60x60x6 y compris des batteries en lithium-ion de 24V (capacité globale: 80Ah), 48V (capacité globale: 60 Ah), 51,2V (capacité globale: 60Ah), Onduleur/regulateur: MPPT, disjoncteur compact, cables, support des batteries et tous les élements nécessaires au fonctionnement de la pompe doseuse et de l'agitateur. Il sera implanté dans la cour du château d'eau | C87: ='BPU_Lot-02_Centre 2'!C87 -> u | D87: 2 | E87: ='BPU_Lot-02_Centre 2'!D87 -> 0 | F87: =E87*D87 -> 0
A88: ='BPU_Lot-02_Centre 2'!A88 -> 7.6 | B88: ='BPU_Lot-02_Centre 2'!B88 -> Fourniture et installation de lampes solaires autonomes de puissance minimale 300 W sur poteaux métalliques pour éclairage des sites du château, des bornes fontaines et du Forage | C88: ='BPU_Lot-02_Centre 2'!C88 -> u | D88: 12 | E88: ='BPU_Lot-02_Centre 2'!D88 -> 0 | F88: =E88*D88 -> 0
A89: ='BPU_Lot-02_Centre 2'!A89 -> 8 | B89: ='BPU_Lot-02_Centre 2'!B89 -> Communication, Dossier Technique et Formation | C89: ='BPU_Lot-02_Centre 2'!C89 -> 0 | G89: =SUM(F90:F94) -> 0
A90: ='BPU_Lot-02_Centre 2'!A90 -> 8.1 | B90: ='BPU_Lot-02_Centre 2'!B90 -> Fourniture et pose de panneau de chantier suivant le modèle établi par le Maitre d'œuvre et validé par le Maitre d'Ouvrage et l'Autorité Contractante | C90: ='BPU_Lot-02_Centre 2'!C90 -> u | D90: 2 | E90: ='BPU_Lot-02_Centre 2'!D90 -> 0 | F90: =E90*D90 -> 0
A91: ='BPU_Lot-02_Centre 2'!A91 -> 8.2 | B91: ='BPU_Lot-02_Centre 2'!B91 -> Fourniture et pose de visibilité (plaque en plexiglass) sur la clôture du forage, du château d'eau et des Bornes fontaines suivant le modèle établi par le Maitre d'œuvre et validé par le Maitre d'Ouvrage et l'Autorité Contractante | C91: ='BPU_Lot-02_Centre 2'!C91 -> u | D91: 9 | E91: ='BPU_Lot-02_Centre 2'!D91 -> 0 | F91: =E91*D91 -> 0
A92: ='BPU_Lot-02_Centre 2'!A92 -> 8.3 | B92: ='BPU_Lot-02_Centre 2'!B92 -> Fourniture de smartphones avec du crédit de communication sur toute la durée du projet | C92: ='BPU_Lot-02_Centre 2'!C92 -> u | D92: 4 | E92: ='BPU_Lot-02_Centre 2'!D92 -> 0 | F92: =E92*D92 -> 0
A93: ='BPU_Lot-02_Centre 2'!A93 -> 8.4 | B93: ='BPU_Lot-02_Centre 2'!B93 -> Documents de récolement incluant les différents plans d'installation des ouvrages (forages, châteaux d'eau, réseau de refoulement, réseau de distribution, pièces spéciales, etc.), PV (essais de pression, essais généraux, essai de fonctionnement, etc.). Les profils en long finaux des refoulements | C93: ='BPU_Lot-02_Centre 2'!C93 -> Fft | D93: 1 | E93: ='BPU_Lot-02_Centre 2'!D93 -> 0 | F93: =E93*D93 -> 0
A94: ='BPU_Lot-02_Centre 2'!A94 -> 8.5 | B94: ='BPU_Lot-02_Centre 2'!B94 -> Formation de 3 utilisateurs (Comité de Gestion) à la maintenance courante et à la maitrise de la gestion du système (Faire une formation théorique et phase pratique) y compris un manuel d'entretien (schéma électrique, démontage et remontage du système simplifié de traitement de l'eau, etc.) | C94: ='BPU_Lot-02_Centre 2'!C94 -> Fft | D94: 1 | E94: ='BPU_Lot-02_Centre 2'!D94 -> 0 | F94: =E94*D94 -> 0
A95: Montant Total des travaux | G95: =SUM(G2:G94) -> 0

Sheet Recap
A1: RECAP
A2: LOT | B2: DESIGNATIONS | D2: MONTANT
A3: Lot-01 | B3: Centre - 1 | C3: Mongbara / Kénégbé Nord / Bessala / Souroumana / Massala-Assolo | D3: ='DQE_Lot-01_Centre 1'!G94 -> 0
B5: Arrêté le présent devis (Lot-01) à la somme de :
A12: LOT | B12: DESIGNATIONS | D12: MONTANT
A13: Lot-02 | B13: Centre - 2 | C13: Bingoro / Sagoura-Dougoula | D13: ='DQE_Lot-02_Centre 2'!G95 -> 0
B15: Arrêté le présent devis (Lot-02) à la somme de :
